Cogmind - Beta 17.1 @@@ ROGUE MODE // 2026.09.15 @ 01:35:10 Player: Sunvar Result: Escaped! Performance ------------- Evolutions (9) 4500 Regions Visited (33) 6600 Robots Destroyed (274) 1370 Value Destroyed (10812) 10812 Prototype IDs (108) 2160 Alien Tech Used (10) 2000 Bonus (21411) 21411 TOTAL SCORE: 48853 Bonus ------- High Alert Combat Kills 912 Follower Combat Kills 1370 Hunted by Unchained 500 Entered Garrisons 400 Aligned with FarCom 300 Met Data Miner 300 Acquired ECA 300 Met Zhirov 300 Met Warlord at Base 500 MAIN.C Attacked Warlord 500 Warlord Defense Kills 3702 MAIN.C Attacked Proxy Base 500 Met Warlord at Research 2000 Destroyed MAIN.C Guards 500 Met MAIN.C 5000 Met Warlord at Command 2000 Win 3000 Friendly Fire -673 Cogmind --------- Core Integrity 105/1600 Matter 2/300 Energy 97/100 System Corruption 6% Temperature Warm (160) Movement Flying (20) Location To Epsilon Eridani Parts ------- > --- POWER (2) -------- (None) > --- PROPULSION (8) --- Cooled Nuclear Pulse Thruster Diametric Drive Impulse Thruster Array Impulse Thruster Array Cooled Q-thruster Cooled Q-thruster > --- UTILITY (11) ----- Medium Storage Unit Experimental Optical Array Advanced Signal Interpreter Advanced Melee Analysis Suite Experimental Core Analyzer Advanced Reaction Control System Centrium Medium Armor Plating Graphene Brace Deep Network Scanner Quantum Router Spacefold Activator > --- WEAPON (4) ------- Heavy Quantum Rifle Z-bomb Delivery System Nanosword > --- INVENTORY (12) --- Light Antimatter Reactor Light Particle Reactor Cooled Nuclear Pulse Thruster Impulse Thruster Array Cooled Q-thruster Experimental Coolant Injector Long-range Sensor Array ECM Suite High-powered Transdimensional Reconstructor Micro-nuke Launcher Peak State ------------ > --- POWER ------------ Micro Antimatter Reactor Light Quantum Reactor > --- PROPULSION ------- Cooled Nuclear Pulse Thruster Diametric Drive Impulse Thruster Array Impulse Thruster Array Cooled Q-thruster Cooled Q-thruster > --- UTILITY ---------- Medium Storage Unit Experimental Optical Array Advanced Signal Interpreter ECM Suite Advanced Reaction Control System Experimental Utility Shielding Graphene Brace Advanced Hacking Suite Deep Network Scanner Quantum Router Spacefold Activator > --- WEAPON ----------- Sigix Broadsword Sigix Broadsword > --- INVENTORY -------- Light Antimatter Reactor Light Particle Reactor Cooled Nuclear Pulse Thruster Impulse Thruster Array Cooled Q-thruster Long-range Sensor Array Centrium Medium Armor Plating High-powered Transdimensional Reconstructor Terrabomb Heavy Quantum Rifle Micro-nuke Launcher [Rating: 226] Favorites ----------- Power Micro Nuclear Core Engine Ion Engine Power Core Micro Nuclear Core Reactor Light Quantum Reactor Propulsion Cooled Nuclear Pulse Thruster Treads Light Treads Leg Aluminum Leg Wheel Wheel Flight Unit Cooled Nuclear Pulse Thruster Utility Advanced Signal Interpreter Device ECM Suite Storage Medium Storage Unit Processor Advanced Signal Interpreter Hackware Advanced Hacking Suite Protection Improved Light Armor Plating Artifact Spacefold Activator Weapon Kinetic Spear Energy Gun Advanced Beam Rifle Energy Cannon Advanced Beam Cannon Ballistic Gun Light Assault Rifle Ballistic Cannon Assault Cannon Launcher Micro-nuke Launcher Special Weapon Improved Plasma Cutter Impact Weapon Shock Maul Slashing Weapon Sigix Broadsword Piercing Weapon Kinetic Spear Special Melee Weapon Datajack Build | -11 -10 -10 -10 -9 -8 -8 -8 -7 -7 -6 -6 -6 -6 -5 -5 -5 -5 -5 -4 -4 -4 -4 -4 -4 -4 -3 -3 -3 -2 -2 -2 -1 -1 ------- Run | Yrd Mat Min Exi Min Mat Sto Gar Fac Gar Fac Low Low Dat Pro Fac Upp Upp Zhi Pro Fac Was Fac Upp Upp War Pro Res Qua Res Tes Sec Acc Com Slots Evolved 18 | . . . . . 4 . . 2 . 2 . . . . 2 . . . . 2 . . . . . . 2 . 2 . . 2 . Power 1 | . . . . . . . . . . . . . . . . . . . . . . . . . . . 1 . . . . . . Propulsion 6 | . . . . . 2 . . 1 . . . . . . 1 . . . . . . . . . . . 1 . 1 . . . . Utility 9 | . . . . . 2 . . 1 . 2 . . . . 1 . . . . 2 . . . . . . . . . . . 1 . Weapon 2 | . . . . . . . . . . . . . . . . . . . . . . . . . . . . . 1 . . 1 . Parts Attached 235 | 1 12 3 3 4 40 26 11 9 2 19 1 . 1 2 13 . 2 5 2 12 7 9 2 . 14 1 5 4 9 4 2 2 8 Power 29 | . 1 . 1 . 4 2 4 1 . 1 . . . . 1 . . 2 . . 1 2 . . 3 1 1 1 3 . . . . Engine 6 | . 1 . 1 . 2 . 1 . . . . . . . . . . 1 . . . . . . . . . . . . . . . Core 13 | . . . . . 2 2 3 1 . 1 . . . . 1 . . . . . 1 1 . . . . 1 . . . . . . Reactor 10 | . . . . . . . . . . . . . . . . . . 1 . . . 1 . . 3 1 . 1 3 . . . . Propulsion 64 | . 4 . . 1 12 11 3 3 . 4 . . . 2 5 . . 2 1 2 2 2 1 . 2 . 1 1 1 2 1 . 1 Treads 27 | . 3 . . 1 10 10 3 . . . . . . . . . . . . . . . . . . . . . . . . . . Leg 1 | . 1 . . . . . . . . . . . . . . . . . . . . . . . . . . . . . . . . Wheel 1 | . . . . . 1 . . . . . . . . . . . . . . . . . . . . . . . . . . . . Hover . | . . . . . . . . . . . . . . . . . . . . . . . . . . . . . . . . . . Flight 35 | . . . . . 1 1 . 3 . 4 . . . 2 5 . . 2 1 2 2 2 1 . 2 . 1 1 1 2 1 . 1 Utility 89 | 1 3 . 1 2 14 5 4 5 1 8 1 . 1 . 5 . 1 1 . 9 3 5 . . 6 . 3 1 3 . 1 1 4 Device 32 | 1 1 . 1 1 5 2 1 1 . 1 1 . . . 2 . 1 1 . 5 1 1 . . 1 . 1 . 3 . . . 1 Storage 9 | . 2 . . 1 2 . . 1 . . . . . . 1 . . . . 1 . . . . . . 1 . . . . . . Processor 15 | . . . . . 2 . . 1 . 3 . . . . 1 . . . . 2 1 1 . . 2 . . . . . . . 2 Hackware 12 | . . . . . . . . 2 . 4 . . . . . . . . . 1 . 2 . . 1 . 1 1 . . . . . Protection 20 | . . . . . 5 3 3 . 1 . . . 1 . 1 . . . . . 1 1 . . 2 . . . . . . 1 1 Artifact 1 | . . . . . . . . . . . . . . . . . . . . . . . . . . . . . . . 1 . . Weapon 53 | . 4 3 1 1 10 8 . . 1 6 . . . . 2 . 1 . 1 1 1 . 1 . 3 . . 1 2 2 . 1 3 Energy Gun 11 | . . . . . 4 5 . . . . . . . . . . . . . . . . . . . . . . . 2 . . . Energy Cannon 7 | . . . . . 2 1 . . . . . . . . . . . . 1 1 . . . . . . . 1 1 . . . . Ballistic Gun 8 | . 2 3 . 1 1 . . . . 1 . . . . . . . . . . . . . . . . . . . . . . . Ballistic Cannon 5 | . . . . . 1 . . . . 2 . . . . 1 . . . . . . . . . 1 . . . . . . . . Launcher 8 | . 1 . . . . 1 . . 1 1 . . . . . . . . . . . . . . 2 . . . . . . 1 1 Special Weapon 1 | . . . . . . . . . . . . . . . . . . . . . . . 1 . . . . . . . . . . Impact Weapon 3 | . 1 . . . . 1 . . . 1 . . . . . . . . . . . . . . . . . . . . . . . Slashing Weapon 7 | . . . . . 2 . . . . . . . . . . . 1 . . . 1 . . . . . . . 1 . . . 2 Piercing Weapon 2 | . . . . . . . . . . 1 . . . . 1 . . . . . . . . . . . . . . . . . . Special Melee Weapon 1 | . . . 1 . . . . . . . . . . . . . . . . . . . . . . . . . . . . . . Unidentified Prototypes 43 | . . . . 1 6 6 . . . 3 . . . 1 1 . . 3 . 3 . . . . 7 . . . 1 3 5 . 3 Parts Lost 53 | . 2 2 . 2 5 . 15 . 1 . . . 4 1 . . . . . 9 . . 1 . 4 . . . . . . . 7 Power 8 | . 1 . . . 1 . 2 . . . . . . . . . . . . 2 . . . . . . . . . . . . 2 Propulsion 22 | . . . . 2 1 . 8 . . . . . 3 1 . . . . . 4 . . 1 . 1 . . . . . . . 1 Utility 18 | . 1 1 . . 3 . 4 . 1 . . . 1 . . . . . . 3 . . . . 2 . . . . . . . 2 Weapon 5 | . . 1 . . . . 1 . . . . . . . . . . . . . . . . . 1 . . . . . . . 2 Highest Loss Streak 5 | . 2 1 . 1 1 . 3 . 1 . . . 4 1 . . . . . 5 . . 1 . 2 . . . . . . . 5 To Critical Strikes . | . . . . . . . . . . . . . . . . . . . . . . . . . . . . . . . . . . Average Backups 12 | 6 10 14 13 14 18 24 23 7 8 9 9 10 9 5 8 8 9 9 9 10 4 4 5 5 4 5 6 8 9 9 9 8 10 Power 1 | 1 1 2 2 2 1 1 1 . 1 1 1 1 . . . 1 1 1 1 . . . . . . . . . . 1 1 1 1 Propulsion 2 | 4 3 3 3 1 2 6 6 1 1 1 1 1 . . 2 3 3 3 2 1 . . . . . 1 1 2 1 2 2 2 2 Utility 4 | . 1 3 2 4 7 10 10 4 4 4 4 4 4 3 4 3 4 3 3 5 3 3 3 3 2 3 3 1 2 2 2 2 2 Weapon 3 | 1 4 5 5 5 6 6 5 1 2 2 3 3 2 2 1 1 1 1 1 1 . 1 2 2 1 1 1 1 1 1 1 . 1 Tool/Special . | . . . . . . . . . . . . . . . . . . . . . . . . . . . . . . . . . . Unused Backups 54 | . 5 1 . . 10 5 . 5 . 2 . . 1 . 4 . . 1 . 6 . . . . 1 . 1 4 2 1 . . 5 Power 11 | . . . . . 4 . . 2 . 1 . . . . 1 . . . . . . . . . . . . . 2 . . . 1 Propulsion 8 | . 2 . . . 1 1 . . . . . . . . . . . . . . . . . . . . 1 1 . . . . 2 Utility 20 | . 2 . . . . 3 . 2 . . . . 1 . 3 . . 1 . 5 . . . . 1 . . 1 . 1 . . . Weapon 12 | . 1 1 . . 5 1 . 1 . 1 . . . . . . . . . 1 . . . . . . . 1 . . . . . Tool/Special 3 | . . . . . . . . . . . . . . . . . . . . . . . . . . . . 1 . . . . 2 Average Slot Usage (%) 93 | . 97 95 96 100 91 99 89 98 99 99 100 100 98 92 94 94 94 94 94 91 70 93 98 100 99 99 91 95 87 85 85 87 81 Engine 3 | . 13 14 14 14 4 . 4 . . . . . . . . . . 3 5 1 1 . . . . . . . . . . . . Core 3 | . . . . . 4 9 3 6 7 6 6 6 6 6 5 5 5 2 . 2 1 4 5 5 1 . 1 4 3 . . . . Reactor 1 | . . . . . . . . . . . . . . . . . . . . . . . . . 3 5 4 4 4 8 8 8 5 Treads 12 | . 9 28 28 28 32 35 26 . . . . . . . . . . . . . . . . . . . . . . . . . . Leg 1 | . 18 . . . . . . . . . . . . . . . . . . . . . . . . . . . . . . . . Flight 15 | . . . . . . . . 36 38 32 33 33 31 26 30 29 29 29 29 25 16 27 29 31 31 31 28 28 27 26 26 24 24 Device 10 | . 11 9 10 . 7 9 8 7 5 12 13 13 12 13 9 11 11 11 11 12 7 11 15 15 14 15 12 14 13 17 14 12 10 Storage 7 | . 14 14 14 27 11 9 9 3 7 6 6 6 5 . 3 5 5 5 5 5 1 . . . . . 2 4 4 4 4 4 4 Processor 9 | . . . . . 4 9 9 10 7 12 13 13 13 13 15 11 11 11 11 16 22 21 15 15 18 21 17 9 8 8 8 8 10 Hackware 6 | . . . . . . . . 13 15 13 13 13 13 13 11 11 11 11 11 10 10 12 15 15 12 10 10 18 16 13 13 12 10 Protection 3 | . . . . . 7 8 9 . . . . . . 6 3 5 5 5 5 4 1 2 5 5 5 5 2 . . . . 3 4 Energy Gun 3 | . 6 . . . 6 15 15 . . . . . . . . . . . . . . . . . . . . . . 3 4 4 1 Ballistic Gun 4 | . 20 27 18 27 2 . . . . . . . . . . . . . . . . . . . . . . . . . . . . Impact Weapon 1 | . . . . . . . . 6 6 5 6 6 6 3 4 5 4 5 5 4 . . . . . . . . . . . . . Slashing Weapon 1 | . . . . . 1 . . 6 7 1 . . . . . . . . . . . 5 5 5 1 2 4 3 3 4 4 4 5 Piercing Weapon 2 | . . . . . . . . . . 4 6 6 5 6 5 4 5 5 4 4 5 4 5 5 4 4 4 4 1 . . . . Peak Build Rating 226 | 7 8 8 10 18 45 47 42 56 53 75 79 73 74 80 105 104 104 106 106 111 93 113 113 113 138 132 149 157 191 202 205 215 226 Average Rating 74 | 6 7 7 8 10 31 36 31 53 49 64 73 73 73 76 97 103 103 103 105 105 75 100 110 113 128 131 135 150 187 194 197 214 210 On Entrance 88 | 6 7 8 7 10 11 38 35 28 53 47 75 73 73 74 77 104 104 104 106 105 65 93 111 113 113 132 132 149 157 189 195 204 215 Avg Prop Armor Cover (%) 2 | . . . . . 22 . . . . . . . . . 2 . . . . . 11 5 2 2 1 . . . . . . . 2 Naked Turns . | . . . . . . . . . . . . . . . . . . . . . . . . . . . . . . . . . . Heaviest Build 99 | 13 29 29 29 32 99 98 97 24 25 30 25 25 25 22 40 35 35 35 38 47 18 28 28 28 55 34 43 50 64 64 58 70 68 Greatest Support 99 | 20 40 40 40 40 99 96 88 25 25 33 28 33 27 33 41 39 51 39 51 51 22 30 30 50 40 40 59 62 64 74 82 82 82 Greatest Overweight (x) 5 | . 1 . . 1 5 1 4 . . 1 . . . . . . . . . 3 4 . . . 1 . . . . . . . . Average Overweight (x) . | . . . . . . . 1 . . . . . . . . . . . . . . . . . . . . . . . . . . Largest Inventory Capacity 25 | 8 15 15 15 15 25 25 25 25 10 10 10 10 10 5 10 10 10 10 10 15 10 5 5 5 5 5 10 10 10 10 12 12 12 Average Capacity 13 | 8 12 15 15 15 19 25 25 8 10 10 10 10 9 5 8 10 10 10 10 11 5 5 5 5 5 5 8 10 10 10 10 12 12 Most Carried 25 | 7 15 15 15 15 25 25 25 22 10 10 10 10 10 5 10 10 10 10 10 15 5 5 5 5 5 5 10 10 10 10 12 10 12 Average Carried 12 | 6 10 14 13 14 18 24 23 7 9 9 9 10 9 5 8 9 10 9 9 10 4 4 4 5 4 5 7 9 9 9 10 9 11 Final Capacity 25 | 8 15 15 15 15 25 25 25 10 10 10 10 10 5 5 10 10 10 10 10 10 5 5 5 5 5 5 10 10 10 10 12 12 12 Final Carried 25 | 7 15 15 15 15 25 25 22 10 10 10 10 10 5 5 9 10 10 10 10 4 5 5 5 5 5 5 10 10 10 10 11 9 11 Class Distribution -------------------- 29% | Mutant 17% | Hacker-Ninja 16% | Hacker-Scout 15% | Scavenger-Mutant 8% | Wizard-Ninja 5% | Hacker-Sprinter Dominant Class ---------------- Mutant | -10/Materials Scavenger-Mutant | -10/Mines Mutant | -10/Exiles Mutant | -9/Mines Mutant | -8/Materials Mutant | -8/Storage Scavenger-Mutant | -8/Garrison Hacker-Sprinter | -7/Factory Hacker-Sprinter | -7/Garrison Hacker-Ninja | -6/Factory Hacker-Ninja | -6/Lower Caves Hacker-Ninja | -6/Lower Caves Hacker-Ninja | -6/Data Miner Hacker-Scout | -5/Proximity Caves Hacker-Scout | -5/Factory Machinist-Scout | -5/Upper Caves Machinist-Scout | -5/Upper Caves Hacker-Scout | -5/Zhirov Hacker-Scout | -4/Proximity Caves Hacker-Ninja | -4/Factory Hacker-Ninja | -4/Waste Hacker-Ninja | -4/Factory Hacker-Ninja | -4/Upper Caves Hacker-Ninja | -4/Upper Caves Hacker-Ninja | -4/Warlord Hacker-Ninja | -3/Proximity Caves Hacker-Ninja | -3/Research Wizard-Ninja | -3/Quarantine Wizard-Ninja | -2/Research Wizard-Ninja | -2/Testing Wizard-Ninja | -2/Section 7 Wizard-Ninja | -1/Access Wizard-Sprinter | -1/Command Resources | -11 -10 -10 -10 -9 -8 -8 -8 -7 -7 -6 -6 -6 -6 -5 -5 -5 -5 -5 -4 -4 -4 -4 -4 -4 -4 -3 -3 -3 -2 -2 -2 -1 -1 ----------- Run | Yrd Mat Min Exi Min Mat Sto Gar Fac Gar Fac Low Low Dat Pro Fac Upp Upp Zhi Pro Fac Was Fac Upp Upp War Pro Res Qua Res Tes Sec Acc Com Matter Collected 7728 | 219 474 258 . 223 1048 796 380 216 83 368 . . . 472 180 143 78 180 44 133 349 249 80 . 753 25 245 100 170 77 12 251 122 Remotely . | . . . . . . . . . . . . . . . . . . . . . . . . . . . . . . . . . . Salvage Created 11685 | 187 629 326 . 208 1900 1141 1118 177 . 779 . . 20 319 689 . . 417 . 518 73 522 . . 1133 97 242 142 229 90 52 362 315 Parts 494 | 13 46 19 . 20 88 71 38 7 . 19 . . 3 10 16 . . 3 . 34 4 18 . . 33 7 6 4 13 3 3 6 10 Haulers Intercepted 38 | . 2 . . . 6 5 . 3 . 6 . . . . 5 . . . . 3 . 4 . . . . 1 1 . 1 . 1 . Recyclers Shooed 2 | . 1 . . 1 . . . . . . . . . . . . . . . . . . . . . . . . . . . . . Parts Field Recycled . | . . . . . . . . . . . . . . . . . . . . . . . . . . . . . . . . . . Retrieved Matter . | . . . . . . . . . . . . . . . . . . . . . . . . . . . . . . . . . . Parts Self-Destructed 29 | . . . . . . . . . . . . . . 22 . . 3 . . . . . . . . 4 . . . . . . . Prevented 55 | . . . . . . . . . . . . . . 50 . . 3 1 . . . . 1 . . . . . . . . . . Parts Restored . | . . . . . . . . . . . . . . . . . . . . . . . . . . . . . . . . . . Kills | -11 -10 -10 -10 -9 -8 -8 -8 -7 -7 -6 -6 -6 -6 -5 -5 -5 -5 -5 -4 -4 -4 -4 -4 -4 -4 -3 -3 -3 -2 -2 -2 -1 -1 ------- Run | Yrd Mat Min Exi Min Mat Sto Gar Fac Gar Fac Low Low Dat Pro Fac Upp Upp Zhi Pro Fac Was Fac Upp Upp War Pro Res Qua Res Tes Sec Acc Com Combat Hostiles Destroyed 174 | . 17 9 . 6 32 15 29 . . 1 . . . 9 1 . . . . 8 . . . . 29 9 . . 1 . . 1 7 Melee 9 | . . . . . . . . . . 1 . . . . 1 . . . . 2 . . . . 1 . . . 1 . . 1 2 Guns 81 | . 17 9 . 3 17 11 24 . . . . . . . . . . . . . . . . . . . . . . . . . . Cannons 29 | . . . . . 15 . 1 . . . . . . 9 . . . . . 1 . . . . 3 . . . . . . . . AOE 52 | . . . . 3 . 4 2 . . . . . . . . . . . . 5 . . . . 24 9 . . . . . . 5 Classes Destroyed 20 | 2 5 . . 3 2 1 3 . . . . . . . . . . . . . 1 . . . 2 . . . . . . 1 . Worker 6 | . . . . 1 1 1 . . . . . . . . . . . . . . . . . . . . . . . . 1 2 . Builder 4 | . . . . 1 . 1 . . . . . . . . . . . . . 2 . . . . . . . . . . . . . Tunneler 11 | 4 1 2 . 4 . . . . . . . . . . . . . . . . . . . . . . . . . . . . . Hauler 38 | . 2 . . . 6 5 . 3 . 6 . . . . 5 . . . . 3 . 4 . . . . 1 1 . 1 . 1 . Recycler 8 | 1 . . . . 2 2 . . . . . . . . 1 . . . . . . . . . . . 1 . . . . 1 . Operator 13 | . 2 . . . 1 2 . . . 3 . . . . 1 . . . . . . 2 . . . . . 1 1 . . . . Drone 1 | . . . . . . . . . . . . . . . . . . . . . . . . . . . . . . . . 1 . Watcher 18 | . 1 . . . 1 . . 1 . 2 . . . . 1 . . . . 1 . 2 . . . . . . 3 . 1 2 3 Swarmer 51 | . 9 4 . 3 3 . 6 . . . . . . 1 . . . . . 8 . . . . 3 9 . . . . . . 5 Saboteur 1 | . . . . . . . . . . . . . . . . . . . . . . . . . 1 . . . . . . . . Grunt 72 | . 8 5 . 2 19 7 13 . . . . . . 4 1 . . . . . . . . . 13 . . . . . . . . Brawler 7 | . . . . . . . 2 . . . . . . 1 . . . . . . . . . . 4 . . . . . . . . Duelist 6 | . . . . 1 1 1 1 . . . . . . . . . . . . . . . . . 2 . . . . . . . . Protector 2 | . . . . . . 1 . . . . . . . . . . . . . . . . . . 1 . . . . . . . . Sentry 17 | . . . . . 8 5 1 . . 1 . . . . . . . . . . . . . . . . . . 1 . . . 1 Specialist 6 | . . . . . . . 2 . . . . . . 1 . . . . . . . . . . 3 . . . . . . . . Hunter 4 | . . . . . 1 1 . . . . . . . 1 . . . . . . . . . . . . . . . . . . 1 Programmer 6 | . . . . . . . 4 . . . . . . 1 . . . . . . . . . . 1 . . . . . . . . Striker 1 | . . . . . . . . . . . . . . . . . . . . . . . . . 1 . . . . . . . . Thug 1 | . . . . . . . . . . . . . . . . . . . . . . . . . 1 . . . . . . . . Martyr 1 | . . . . . . . . . . . . . . . . . . . . . 1 . . . . . . . . . . . . Best Kill Streak 9 | 2 5 3 . 5 4 7 8 2 . 2 . . 1 7 3 . . . . 6 . 1 . . 9 9 1 1 1 1 1 3 5 Combat Bots Only 9 | . 5 3 . 3 4 5 8 . . 1 . . . 7 1 . . . . 4 . . . . 9 9 . . 1 . . 1 5 Max Kills in Single Turn 5 | 1 1 2 . 2 1 4 2 1 . 1 . . 1 1 1 . . . . 5 1 1 . . 4 4 1 1 1 1 1 1 5 Gunslinging . | . . . . . . . . . . . . . . . . . . . . . . . . . . . . . . . . . . Exploded 5 | . . . . 1 . 4 2 . . . . . . . . . . . . 3 . . . . 4 4 . . . . . . 5 Melee 1 | . . . . . . . . . . 1 . . . . 1 . . . . 1 . . . . 1 . . . 1 . . 1 1 Uniques/NPCs Destroyed 1 | . . . . . . . . . . . . . 1 . . . . . . . . . . . . . . . . . . . . Data Miner (-6/Data Miner) Combat | -11 -10 -10 -10 -9 -8 -8 -8 -7 -7 -6 -6 -6 -6 -5 -5 -5 -5 -5 -4 -4 -4 -4 -4 -4 -4 -3 -3 -3 -2 -2 -2 -1 -1 -------- Run | Yrd Mat Min Exi Min Mat Sto Gar Fac Gar Fac Low Low Dat Pro Fac Upp Upp Zhi Pro Fac Was Fac Upp Upp War Pro Res Qua Res Tes Sec Acc Com Hostile Shots Fired 1174 | . 80 37 . 33 184 65 221 . 53 18 1 13 11 9 8 . 2 . 2 119 . 4 . 11 48 3 4 36 6 26 10 6 164 Missed 451 | . 24 15 . 12 47 13 58 . 26 15 . 9 3 4 3 . 2 . 1 47 . 3 . 8 18 1 2 25 2 16 9 5 83 Hits 723 | . 56 22 . 21 137 52 163 . 27 3 1 4 8 5 5 . . . 1 72 . 1 . 3 30 2 2 11 4 10 1 1 81 Melee 8 | . . . . 2 3 1 2 . . . . . . . . . . . . . . . . . . . . . . . . . . Projectile 715 | . 56 22 . 19 134 51 161 . 27 3 1 4 8 5 5 . . . 1 72 . 1 . 3 30 2 2 11 4 10 1 1 81 AOE 8 | . . . . . . . . . . . . . . . . . . . 2 . . . . . . . . . . . . . 6 Critical Strikes 30 | . . . . 1 9 5 3 . 1 . . . . . . . . . . 5 . . . . 1 . . 1 . 1 . . 3 Actively Blocked 4 | . . . . . . . . . . . . . . . . . . . . . . . . . . . . . . 1 . . 3 Part Disruptions 7 | . . . . . . . . . . . . . . . . . . . . . . . 1 . . . . . . . . . 6 Damage Taken 15340 | . 526 258 . 375 2301 833 2377 . 388 79 20 24 364 92 181 . . . 100 1365 . 20 60 30 681 48 49 229 114 188 444 275 3919 Core 3696 | . 86 76 . 78 176 46 319 . 134 59 . 12 96 13 82 . . . . 449 . . . 14 100 . . 41 . . 420 256 1239 Absorbed by Shields 98 | . . . . . . . . . 73 . . . . . . . . . . . . . . . . . . . . 25 . . . Redirected to Shielding 155 | . . . . . . . . . . . . . . . . . . . . . . . . . . . . . . . . . 155 Regen/Repaired (Parts) 1625 | . 69 . . . 11 157 . . . 70 . . . 30 . . . . . . 78 . . . 35 . . . 182 83 213 19 678 Core Remaining (%) 56 | 100 . . . 4 . . 1 . 80 . . . . 78 . . . . 91 . . . . . . 46 . 96 . . 62 . 6 Volleys Fired 680 | 20 77 31 . 25 126 61 100 . 2 3 . . . 60 3 10 1 . 4 7 14 7 . . 76 3 . 2 4 2 6 . 36 Largest 2 | 2 2 2 . 2 2 2 2 . 1 1 . . . 1 1 1 1 . 1 1 1 1 . . 1 1 . 1 1 1 1 . 2 Hottest 151 | 70 70 40 . 40 116 116 151 . 39 33 . . . 33 33 33 33 . 105 105 105 105 . . 105 49 . 113 120 90 80 . 110 Shots Fired 1091 | 40 154 60 . 45 245 117 189 . 2 3 . . . 60 3 10 1 . 4 7 14 6 . . 76 3 . 2 4 2 6 . 38 Gun 750 | 40 154 60 . 40 123 111 178 . . . . . . . . . . . . . . . . . . . . . . 2 6 . 36 Cannon 297 | . . . . . 122 3 6 . . 3 . . . 60 3 10 1 . 4 7 14 6 . . 52 . . 2 4 . . . . Launcher 44 | . . . . 5 . 3 5 . 2 . . . . . . . . . . . . . . . 24 3 . . . . . . 2 Special . | . . . . . . . . . . . . . . . . . . . . . . . . . . . . . . . . . . Kinetic 438 | 20 135 60 . 40 99 3 . . . 3 . . . 60 3 10 1 . . . . . . . 4 . . . . . . . . Thermal 609 | 20 19 . . . 146 111 184 . . . . . . . . . . . 4 7 14 6 . . 48 . . 2 4 2 6 . 36 Explosive 44 | . . . . 5 . 3 5 . 2 . . . . . . . . . . . . . . . 24 3 . . . . . . 2 Electromagnetic . | . . . . . . . . . . . . . . . . . . . . . . . . . . . . . . . . . . Robot Hit Streak 17 | 13 8 4 . 11 17 15 16 . . . . . . 13 . . . . . 1 9 . . . 17 . . . 3 . . . 9 Robot Miss Streak 6 | 6 5 5 . 3 5 3 3 . . . . . . 3 . . . . . . 1 . . . 3 1 . . 1 . . . 3 Penetration Max . | . . . . . . . . . . . . . . . . . . . . . . . . . . . . . . . . . . Secondary Targets 6 | . 1 1 . . 1 1 2 . . . . . . . . . . . . . . . . . . . . . . . . . . Max Gunslinging Chain 1 | . 1 1 . . 1 1 1 . . . . . . . . . . . . . . . . . . . . . . . . . . Shots Hit Robots 793 | 24 87 32 4 30 158 69 130 7 . 20 . . 1 36 21 . . 8 . 17 15 11 . . 48 . 4 3 13 2 1 10 42 Core Hits 432 | 6 39 19 . 18 72 39 48 1 . 8 . . . 17 8 . . 4 . 11 3 7 . . 89 12 1 2 6 1 1 3 17 Critical Kills 2 | . . . . . . . . . . . . . . . 1 . . . . . . . . . 1 . . . . . . . . Critical Parts Destroyed 4 | . . . . . . . . 1 . 3 . . . . . . . . . . . . . . . . . . . . . . . Critical Strikes 42 | 1 . . . . 12 4 11 1 . 4 . . . 3 1 . . 1 . . . . . . 3 . . . . . . 1 . Burn 24 | 1 . . . . 8 4 11 . . . . . . . . . . . . . . . . . . . . . . . . . . Meltdown 1 | . . . . . . . . . . . . . . . . . . . . . . . . . 1 . . . . . . . . Blast 8 | . . . . . 4 . . . . . . . . 3 . . . . . . . . . . 1 . . . . . . . . Smash 5 | . . . . . . . . 1 . 3 . . . . 1 . . . . . . . . . . . . . . . . . . Sever 1 | . . . . . . . . . . . . . . . . . . . . . . . . . . . . . . . . 1 . Impale 3 | . . . . . . . . . . 1 . . . . . . . 1 . . . . . . 1 . . . . . . . . Melee Attacks 586 | . 4 . 4 . 26 10 17 22 11 65 . . 34 3 50 6 3 10 16 61 2 50 . . 10 7 41 28 22 20 10 12 42 Impact 129 | . 4 . . . 16 2 10 14 11 24 . . 27 . 11 4 . 3 . 3 . . . . . . . . . . . . . Slashing 203 | . . . . . 10 8 7 8 . 6 . . . . . . . . . . 1 29 . . . 3 11 16 20 20 10 12 42 Piercing 250 | . . . . . . . . . . 35 . . 7 3 39 2 3 7 16 58 1 21 . . 10 4 30 12 2 . . . . Sneak Attacks 65 | . . . 4 . . . . 5 . 10 . . 1 . 8 . . . . 7 2 8 . . . . 4 2 3 1 1 6 3 Combat Hostiles 7 | . . . . . . . . . . 1 . . . . . . . . . 2 . . . . . . . . 1 . . 1 2 Follow-up Attacks 10 | . . . . . . . . 2 . 2 . . . . 2 . . . . . . 1 . . . . 1 . 1 . . . 1 Damage Inflicted 35398 | 291 962 296 . 554 3337 1929 2965 505 . 1358 . . 100 1507 1483 . . 828 . 1676 649 891 . . 7021 957 407 283 1255 262 191 1480 4211 Guns 8118 | 291 940 293 . 283 1628 1330 2531 . . . . . . . . . . . . . . . . . . . . . . . 40 . 782 Cannons 5344 | . . . . . 1707 . 27 . . . . . . 1507 . . . . . 37 469 . . . 1468 . . . 129 . . . . Explosions 9518 | . . . . 271 . 581 402 . . . . . . . . . . . . 491 . . . . 5475 957 . . . . . . 1341 Melee 12368 | . . . . . . . . 505 . 1358 . . 100 . 1483 . . 828 . 1148 180 891 . . 78 . 407 283 1126 262 151 1480 2088 Ramming 50 | . 22 3 . . 2 18 5 . . . . . . . . . . . . . . . . . . . . . . . . . . Kinetic 4430 | 129 851 293 . 283 1307 . . . . . . . . 1507 . . . . . . . . . . 60 . . . . . . . . Thermal 9422 | 162 89 . . . 2028 1330 2558 . . . . . . . . . . . . 427 469 . . . 1408 . . . 129 . 40 . 782 Explosive 9128 | . . . . 271 . 581 402 . . . . . . . . . . . . 101 . . . . 5475 957 . . . . . . 1341 Electromagnetic . | . . . . . . . . . . . . . . . . . . . . . . . . . . . . . . . . . . Impact 1057 | . . . . . . . . 290 . 348 . . . . 247 . . 115 . 57 . . . . . . . . . . . . . Slashing 6129 | . . . . . . . . 215 . 76 . . . . . . . . . . 109 319 . . . . 81 222 1126 262 151 1480 2088 Piercing 5182 | . . . . . . . . . . 934 . . 100 . 1236 . . 713 . 1091 71 572 . . 78 . 326 61 . . . . . Highest Corruption 9 | . . . . . 5 5 9 . . . . . . . 2 2 2 2 2 8 8 9 9 9 9 . . 2 . 2 2 . 6 Average Corruption 5 | . . . . . 4 4 8 . . . . . . . 1 2 2 2 2 4 8 8 9 9 9 . . 1 . 1 2 . 4 Corruption Purged 5 | . . . . . . 5 . . . . . . . . . . . . . . . . . . . . . . . . . . . Corruption Blocked . | . . . . . . . . . . . . . . . . . . . . . . . . . . . . . . . . . . Effects 256 | . . . . . 74 39 40 . . . . . . . . 2 4 1 12 14 10 27 5 3 1 . . 5 . 4 8 . 7 Message Errors 52 | . . . . . 14 8 6 . . . . . . . . . . . 5 3 2 6 1 1 . . . 1 . . 3 . 2 Matter Fused 71 | . . . . . 21 11 9 . . . . . . . . . 2 1 3 2 4 9 2 . . . . . . 2 1 . 4 Heat Flow Errors 41 | . . . . . 9 7 7 . . . . . . . . . 1 . 1 4 2 3 2 1 . . . 2 . 1 1 . . Energy Discharges 35 | . . . . . 13 3 8 . . . . . . . . 1 . . 1 3 . 3 . . . . . . . 1 1 . 1 Parts Rejected 2 | . . . . . 1 1 . . . . . . . . . . . . . . . . . . . . . . . . . . . Parts Fused 3 | . . . . . 1 . . . . . . . . . . 1 1 . . . . . . . . . . . . . . . . Data Loss (minor) 27 | . . . . . 6 5 4 . . . . . . . . . . . 2 1 1 4 . . 1 . . 1 . . 2 . . Data Loss (major) 11 | . . . . . 5 2 . . . . . . . . . . . . . 1 1 1 . 1 . . . . . . . . . Misfires 4 | . . . . . 2 1 1 . . . . . . . . . . . . . . . . . . . . . . . . . . Alerts 5 | . . . . . 1 1 2 . . . . . . . . . . . . . . . . . . . . 1 . . . . . Weapon Failures 5 | . . . . . 1 . 3 . . . . . . . . . . . . . . 1 . . . . . . . . . . . Overload Shots . | . . . . . . . . . . . . . . . . . . . . . . . . . . . . . . . . . . Overflow Damage 2975 | . . . . 4 31 . 7 249 . 231 . . 40 42 168 . . 200 . 125 49 109 . . 200 64 120 . 103 . 96 696 441 Projectiles 73 | . . . . . 31 . . . . . . . . 42 . . . . . . . . . . . . . . . . . . . Explosions 440 | . . . . 4 . . 7 . . . . . . . . . . . . . . . . . 144 64 . . . . . . 221 Melee 2462 | . . . . . . . . 249 . 231 . . 40 . 168 . . 200 . 125 49 109 . . 56 . 120 . 103 . 96 696 220 Knockbacks 20 | . . . . . 14 . . . . 1 . . . 2 2 . . . . 1 . . . . . . . . . . . . . Impact 4 | . . . . . . . . . . 1 . . . . 2 . . . . 1 . . . . . . . . . . . . . Kinetic 15 | . . . . . 13 . . . . . . . . 2 . . . . . . . . . . . . . . . . . . . Secondary 1 | . . . . . 1 . . . . . . . . . . . . . . . . . . . . . . . . . . . . Self-Inflicted Damage 435 | . . . . 123 190 . . . . . . . . . . . . . . 122 . . . . . . . . . . . . . Shots 8 | . . . . 4 2 . . . . . . . . . . . . . . 2 . . . . . . . . . . . . . Rammed 9 | . 1 2 . . 2 3 1 . . . . . . . . . . . . . . . . . . . . . . . . . . Targets Rammed 14 | . 6 2 . . 2 3 1 . . . . . . . . . . . . . . . . . . . . . . . . . . Kicked 5 | . 5 . . . . . . . . . . . . . . . . . . . . . . . . . . . . . . . . Crushed . | . . . . . . . . . . . . . . . . . . . . . . . . . . . . . . . . . . Highest Temperature 430 | 72 75 25 . 1 430 257 251 3 30 5 7 45 . 27 2 . 256 . 263 237 165 201 119 215 288 2 167 294 150 181 284 105 271 Average Temperature 60 | 26 18 11 . 1 83 63 57 3 16 5 7 22 . 16 2 . 51 . 59 55 30 100 57 82 28 2 88 147 85 55 67 47 66 Received Heat Transfer 3451 | . 174 96 . 30 1143 360 927 . 208 9 9 6 . 18 36 . . . . 48 . . . . 75 . . 42 36 . . . 234 Effects 2 | . . . . . 1 . . . . . . . . . . . . . . . . . . . . . . 1 . . . . . Energy Bleed 2 | . . . . . 1 . . . . . . . . . . . . . . . . . . . . . . 1 . . . . . Siege Activations . | . . . . . . . . . . . . . . . . . . . . . . . . . . . . . . . . . . Martial Activations . | . . . . . . . . . . . . . . . . . . . . . . . . . . . . . . . . . . Shielding Activations . | . . . . . . . . . . . . . . . . . . . . . . . . . . . . . . . . . . Robots Disrupted . | . . . . . . . . . . . . . . . . . . . . . . . . . . . . . . . . . . Combat Hostiles . | . . . . . . . . . . . . . . . . . . . . . . . . . . . . . . . . . . Robots Corrupted 4 | . . . . . . . . 2 . 2 . . . . . . . . . . . . . . . . . . . . . . . Combat Hostiles . | . . . . . . . . . . . . . . . . . . . . . . . . . . . . . . . . . . Parts Fried 10 | . . . . . . . . 3 . 7 . . . . . . . . . . . . . . . . . . . . . . . Impact Corruptions 11 | . . . . . . . . 4 . 5 . . . . . . . 1 . 1 . . . . . . . . . . . . . Robots Melted 3 | . . . . . . . 2 . . . . . . . . . . . . . . . . . 1 . . . . . . . . Combat Hostiles 3 | . . . . . . . 2 . . . . . . . . . . . . . . . . . 1 . . . . . . . . Parts Melted 38 | 3 3 . . . 7 10 12 . . . . . . . . . . . . . . . . . 3 . . . . . . . . Heat Transferred 15747 | 555 259 . . . 4403 2802 5171 . . . . . . . . . . . . 287 481 . . . 1312 . . . 111 . 37 . 329 Parts Sabotaged . | . . . . . . . . . . . . . . . . . . . . . . . . . . . . . . . . . . Parts Stolen . | . . . . . . . . . . . . . . . . . . . . . . . . . . . . . . . . . . Parts Stripped . | . . . . . . . . . . . . . . . . . . . . . . . . . . . . . . . . . . Power Chain Reactions . | . . . . . . . . . . . . . . . . . . . . . . . . . . . . . . . . . . Alert | -11 -10 -10 -10 -9 -8 -8 -8 -7 -7 -6 -6 -6 -6 -5 -5 -5 -5 -5 -4 -4 -4 -4 -4 -4 -4 -3 -3 -3 -2 -2 -2 -1 -1 ------- Run | Yrd Mat Min Exi Min Mat Sto Gar Fac Gar Fac Low Low Dat Pro Fac Upp Upp Zhi Pro Fac Was Fac Upp Upp War Pro Res Qua Res Tes Sec Acc Com Maximum Alert Level 4 | . . . . . 2 3 4 3 3 2 . . . . 1 . . . . 2 . . . . . . 1 1 . . . . 1 Low Security (%) 63 | 100 100 100 . 100 60 32 . . . . . . . . 97 . . . . 59 100 100 . . . . 46 99 100 100 100 100 98 Level 1 13 | . . . . . 15 21 . . . 67 . . . . 2 . . . . 34 . . . . . . 53 . . . . . 1 Level 2 10 | . . . . . 24 9 9 14 76 32 . . . . . . . . . 6 . . . . . . . . . . . . . Level 3 7 | . . . . . . 35 30 85 23 . . . . . . . . . . . . . . . . . . . . . . . . Level 4 4 | . . . . . . . 59 . . . . . . . . . . . . . . . . . . . . . . . . . . Level 5 . | . . . . . . . . . . . . . . . . . . . . . . . . . . . . . . . . . . High Security . | . . . . . . . . . . . . . . . . . . . . . . . . . . . . . . . . . . Max Security . | . . . . . . . . . . . . . . . . . . . . . . . . . . . . . . . . . . Peak Influence 1548 | 5 192 136 . 81 541 953 1548 819 976 512 . . . . 213 . . . . 448 153 185 . . . . 309 196 70 65 36 30 84 Initial 812 | . . 54 . . 14 228 598 812 478 512 . . . . 211 . . . . . 153 9 . . . . 279 88 66 22 . . . Average 255 | 1 74 35 . 27 192 490 1112 756 649 342 . . . . 56 . . . . 163 78 46 . . . . 213 143 45 22 10 6 26 Influence Increases 10804 | 25 498 353 . 191 1145 1513 1120 118 518 287 . . 20 550 392 . 15 15 . 809 50 578 . . 625 200 315 245 172 148 236 110 556 Destroy 0b10 Robot/C 4340 | . 340 240 . 120 640 740 600 . 120 20 . . 20 340 20 . . . . 160 . 80 . . 560 180 . . 20 . . . 140 Destroy 0b10 Robot/NC 540 | 25 30 10 . 30 55 65 . 20 . 55 . . . 5 40 . . 15 . 30 . 50 . . 5 . 10 10 20 5 10 35 15 Destroy Leader 762 | . 66 50 . 20 174 220 20 8 20 26 . . . . 12 . . . . 28 . 42 . . . 20 2 2 16 2 2 6 26 Allied During Kill 450 | . . 23 . . . 331 1 . 36 . . . . 55 . . . . . . . 4 . . . . . . . . . . . Trap Triggered on 0b10 130 | . . . . . . 30 . 10 10 . . . . . 70 . . . . 10 . . . . . . . . . . . . . Successful Hack 382 | . . . . . 7 28 16 54 10 39 . . . . 27 . . . . 18 . 41 . . . . 51 12 14 . 20 3 42 Select Force Hacks 30 | . 30 . . . . . . . . . . . . . . . . . . . . . . . . . . . . . . . . Disable Machine 600 | . . . . . 105 60 . . 15 . . . . . . . . . . 45 . 75 . . . . . 60 . 90 90 . 60 Anti-Garrison Action 500 | . . . . . . . 350 . 150 . . . . . . . . . . . . . . . . . . . . . . . . Destroy Structure 1125 | . 2 . . 21 74 39 88 11 82 42 . . . . 58 . . . . 158 50 196 . . . . 72 46 27 36 24 6 93 Advance Influence 150 | . . . . . . . . . . . . . . . . . . . . . . . . . . . 150 . . . . . . Partial Spotted 585 | . . . . . . . . 15 15 45 . . . . 30 . . . . 30 . 30 . . . . 15 15 60 15 90 60 165 Lose Combat Pursuer 1110 | . 30 30 . . 90 . 45 . 60 60 . . . 150 135 . 15 . . 330 . 60 . . 60 . 15 . 15 . . . 15 Miscellaneous 100 | . . . . . . . . . . . . . . . . . . . . . . . . . . . . 100 . . . . . Influence Decreases 10523 | 25 359 492 . 152 644 1133 492 982 226 1051 209 3 20 214 635 93 15 15 . 371 475 591 . . 226 407 349 284 251 188 236 110 275 Entered New Map 3283 | . . 85 . . 25 312 322 736 206 464 79 2 . . 125 35 . . . . 285 4 . . . 399 63 70 53 18 . . . Time Decay 6179 | 25 339 347 . 142 579 601 . 246 . 577 130 1 20 124 490 58 15 15 . 281 150 351 . . 194 8 286 214 198 170 235 110 273 Lost Part 384 | . 20 20 . 10 40 . 150 . 10 . . . . 10 . . . . . 90 . . . . 32 . . . . . . . 2 Lost Ally 601 | . . 40 . . . 220 20 . 10 10 . . . 80 20 . . . . . 40 160 . . . . . . . . 1 . . Purge Threat 76 | . . . . . . . . . . . . . . . . . . . . . . 76 . . . . . . . . . . . Squads Dispatched 84 | . 4 . . . 5 8 . 2 . 8 . . . 2 11 . . . . 6 . 9 . . . . 6 3 2 5 4 3 6 Investigation 23 | . 2 . . . 1 1 . 2 . 2 . . . 1 6 . . . . 2 . 3 . . . . 1 . . 1 . 1 . Extermination 30 | . . . . . . . . . . 4 . . . . 3 . . . . 2 . 5 . . . . 3 2 . 3 3 1 4 Reinforcement 24 | . 2 . . . 3 2 . . . 2 . . . . 2 . . . . 2 . 1 . . . . 2 1 2 1 1 1 2 Assault 4 | . . . . . 1 2 . . . . . . . 1 . . . . . . . . . . . . . . . . . . . Garrison 3 | . . . . . . 3 . . . . . . . . . . . . . . . . . . . . . . . . . . . Intercept . | . . . . . . . . . . . . . . . . . . . . . . . . . . . . . . . . . . Searches Triggered . | . . . . . . . . . . . . . . . . . . . . . . . . . . . . . . . . . . Construction Impeded . | . . . . . . . . . . . . . . . . . . . . . . . . . . . . . . . . . . Haulers Reinforced 6 | . . . . . . . . . . 2 . . . . 1 . . . . 1 . . . . . . 1 . 1 . . . . Active Scanning Responses . | . . . . . . . . . . . . . . . . . . . . . . . . . . . . . . . . . . Cargo Convoy Interrupts . | . . . . . . . . . . . . . . . . . . . . . . . . . . . . . . . . . . Stealth | -11 -10 -10 -10 -9 -8 -8 -8 -7 -7 -6 -6 -6 -6 -5 -5 -5 -5 -5 -4 -4 -4 -4 -4 -4 -4 -3 -3 -3 -2 -2 -2 -1 -1 --------- Run | Yrd Mat Min Exi Min Mat Sto Gar Fac Gar Fac Low Low Dat Pro Fac Upp Upp Zhi Pro Fac Was Fac Upp Upp War Pro Res Qua Res Tes Sec Acc Com Distress Signals 35 | . 5 . . 1 7 . . . . 1 . . . 1 1 . . . 4 2 1 2 . . . . . 1 4 1 1 2 1 Communications Jammed . | . . . . . . . . . . . . . . . . . . . . . . . . . . . . . . . . . . Distress Signals . | . . . . . . . . . . . . . . . . . . . . . . . . . . . . . . . . . . Times Spotted 638 | . 31 14 . 8 64 39 30 2 15 16 4 5 4 51 17 . 5 . 6 41 10 11 2 10 104 9 4 40 13 14 8 9 52 Peak Tracking Total 15 | . 5 3 . 3 6 8 6 1 9 5 4 3 4 8 4 . 4 . 6 11 4 5 1 9 14 6 3 13 5 6 4 6 15 Tactical Retreats 70 | . 2 2 . . 3 . 2 . 3 4 1 . . 4 5 . 1 . . 9 1 2 . . 6 . 3 6 1 3 1 3 8 ECM-based Alert Blocks 76 | . . . . . . . . . . 5 . . . . . . . . . 7 . . . . 6 . 3 29 . 7 1 6 12 Traps | -11 -10 -10 -10 -9 -8 -8 -8 -7 -7 -6 -6 -6 -6 -5 -5 -5 -5 -5 -4 -4 -4 -4 -4 -4 -4 -3 -3 -3 -2 -2 -2 -1 -1 ------- Run | Yrd Mat Min Exi Min Mat Sto Gar Fac Gar Fac Low Low Dat Pro Fac Upp Upp Zhi Pro Fac Was Fac Upp Upp War Pro Res Qua Res Tes Sec Acc Com Traps Triggered 27 | . 1 . . . 4 . 6 . 2 2 . . . . 3 . . . . 3 . 1 . . . . 1 . . 2 1 1 . Indirectly . | . . . . . . . . . . . . . . . . . . . . . . . . . . . . . . . . . . Trap Hack Attempts . | . . . . . . . . . . . . . . . . . . . . . . . . . . . . . . . . . . Triggered . | . . . . . . . . . . . . . . . . . . . . . . . . . . . . . . . . . . Disarmed 15 | . 6 . . . 3 . . . . . . . . . . . . . . . . . . . . . . . . . 6 . . Reprogrammed . | . . . . . . . . . . . . . . . . . . . . . . . . . . . . . . . . . . Reused 13 | . . . . . . 3 . 1 1 . . . . . 7 . . . . 1 . . . . . . . . . . . . . Traps Reconfigurated 40 | . . . . . 4 11 . 3 . 6 . . . . 7 . . . . 5 . 4 . . . . . . . . . . . Traps Extracted 9 | . . . . . . . . 1 . 4 . . . . . . . . . 4 . . . . . . . . . . . . . Installed 9 | . . . . . . . . . 1 . . . . . 3 . . . . 2 . . 3 . . . . . . . . . . Triggered 13 | . . . . . . 3 . 1 1 . . . . . 7 . . . . 1 . . . . . . . . . . . . . Most Traps Carried 4 | . . . . . . . . 1 1 4 4 4 4 4 4 1 1 1 1 4 . . . . . . . . . . . . . Machines | -11 -10 -10 -10 -9 -8 -8 -8 -7 -7 -6 -6 -6 -6 -5 -5 -5 -5 -5 -4 -4 -4 -4 -4 -4 -4 -3 -3 -3 -2 -2 -2 -1 -1 ---------- Run | Yrd Mat Min Exi Min Mat Sto Gar Fac Gar Fac Low Low Dat Pro Fac Upp Upp Zhi Pro Fac Was Fac Upp Upp War Pro Res Qua Res Tes Sec Acc Com Machines Disabled 50 | . . . . . 7 4 4 . 5 . . . 1 1 . . . . . 3 . 5 . . . . . 4 . 6 6 . 4 Max in Single Turn 2 | . . . . . 2 1 1 . 1 . . . 1 1 . . . . . 2 . 1 . . . . . 1 . 1 1 . 1 Garrison Access 14 | . . . . . 1 . . 1 . 4 . . . . 3 . . . . 1 . . . . . . . . 1 1 1 1 . Garrison Relay 6 | . . . . . . . 4 . 2 . . . . . . . . . . . . . . . . . . . . . . . . Phase Generator 1 | . . . . . . . . . 1 . . . . . . . . . . . . . . . . . . . . . . . . Machines Repaired . | . . . . . . . . . . . . . . . . . . . . . . . . . . . . . . . . . . Machines Dismantled . | . . . . . . . . . . . . . . . . . . . . . . . . . . . . . . . . . . Machines Sabotaged . | . . . . . . . . . . . . . . . . . . . . . . . . . . . . . . . . . . Overloaded Fab Kills . | . . . . . . . . . . . . . . . . . . . . . . . . . . . . . . . . . . Hacking | -11 -10 -10 -10 -9 -8 -8 -8 -7 -7 -6 -6 -6 -6 -5 -5 -5 -5 -5 -4 -4 -4 -4 -4 -4 -4 -3 -3 -3 -2 -2 -2 -1 -1 --------- Run | Yrd Mat Min Exi Min Mat Sto Gar Fac Gar Fac Low Low Dat Pro Fac Upp Upp Zhi Pro Fac Was Fac Upp Upp War Pro Res Qua Res Tes Sec Acc Com Machines Accessed 147 | . 4 . 1 . 6 10 2 13 1 20 . . 3 2 18 2 1 4 . 7 . 12 . 1 5 . 6 4 3 3 5 4 10 Terminals 74 | . 2 . . . 4 8 2 6 1 8 . . . 1 8 . . . . 2 . 9 . . . . 4 1 2 1 4 3 8 Fabricators 13 | . . . . . . . . 1 . 3 . . . . 3 . . . . 1 . 3 . . . . 1 . . 1 . . . Repair Stations 12 | . 1 . . . 1 1 . 2 . 2 . . . 1 1 . . . . 1 . . . . . . . . . . . . 2 Recycling Units 1 | . 1 . . . . . . . . . . . . . . . . . . . . . . . . . . . . . . . . Scanalyzers 13 | . . . . . . . . 2 . 3 . . . . 2 . . . . 2 . . . . . . 1 2 1 . . . . Garrison Access 17 | . . . . . 1 1 . 2 . 4 . . . . 4 . . . . 1 . . . . . . . 1 . 1 1 1 . Total Hacks 381 | . 7 . 1 . 13 22 4 36 2 43 . . 26 4 40 4 1 16 . 22 . 41 . 1 17 . 15 11 7 7 16 4 21 Successful 236 | . 6 . 1 . 5 12 1 18 1 28 . . 26 3 22 4 1 16 . 9 . 16 . 1 17 . 7 6 2 6 14 4 10 Failed 145 | . 1 . . . 8 10 3 18 1 15 . . . 1 18 . . . . 13 . 25 . . . . 8 5 5 1 2 . 11 Catastrophic 25 | . . . . . 5 2 1 3 . 1 . . . . 2 . . . . 2 . 3 . . . . 2 . 2 . . . 2 Database Lockouts . | . . . . . . . . . . . . . . . . . . . . . . . . . . . . . . . . . . Manual 82 | . 4 . 1 . 4 3 . 10 . 9 . . . . 8 . . . . 5 . 12 . . 2 . 8 . 6 1 6 . 3 Terminals 173 | . 4 . . . 9 18 4 19 2 15 . . . 1 18 . . . . 4 . 26 . . . . 11 1 6 3 14 3 15 Fabricators 49 | . . . . . . . . 1 . 13 . . . . 8 . . . . 7 . 15 . . . . 2 . . 3 . . . Repair Stations 37 | . 2 . . . 2 3 . 8 . 6 . . . 3 3 . . . . 4 . . . . . . . . . . . . 6 Recycling Units 1 | . 1 . . . . . . . . . . . . . . . . . . . . . . . . . . . . . . . . Scanalyzers 31 | . . . . . . . . 4 . 4 . . . . 5 . . . . 6 . . . . . . 2 9 1 . . . . Garrison Access 24 | . . . . . 2 1 . 4 . 5 . . . . 6 . . . . 1 . . . . . . . 1 . 1 2 1 . Terminal Hacks 141 | . 2 . 1 . 2 9 1 8 1 5 . . 26 1 6 4 1 16 . 1 . 9 . 1 17 . 5 1 1 2 11 3 7 Record 26 | . . . . . . . . . . . . . 6 . . 3 . 5 . . . . . . 6 . . . . . 5 . 1 Part Schematic 17 | . . . . . . . . . . 1 . . 11 . . . . 3 . . . . . . . . 2 . . . . . . Robot Schematic 6 | . . . . . . . . . . . . . 6 . . . . . . . . . . . . . . . . . . . . Robot Analysis 4 | . . . . . . . . . . . . . . . . . . 4 . . . . . . . . . . . . . . . Prototype ID Bank 20 | . . . . . . 1 . 1 . . . . 3 . . . . 4 . . . . . . 11 . . . . . . . . Open Door 11 | . . . . . . 3 . . . . . . . 1 . 1 1 . . . . . . 1 . . . . . . . 3 1 Level Access Points 1 | . . . . . . . . . . . . . . . . . . . . . . . . . . . . . . . 1 . . Branch Access Points 5 | . . . . . . . . 1 . . . . . . 1 . . . . . . 1 . . . . 1 . 1 . . . . Emergency Access Points 1 | . . . . . . . . . 1 . . . . . . . . . . . . . . . . . . . . . . . . Machine Index 1 | . . . . . . . . . . . . . . . . . . . . . . . . . . . . . . . . . 1 Terminal Index 3 | . . . . . . . . 1 . . . . . . . . . . . . . 1 . . . . . . . . . . 1 Fabricator Index 2 | . . . . . . . . 1 . . . . . . . . . . . . . 1 . . . . . . . . . . . Scanalyzer Index 1 | . . . . . . . . 1 . . . . . . . . . . . . . . . . . . . . . . . . . Unreport Threat 2 | . . . . . . . . . . . . . . . . . . . . . . 1 . . . . . 1 . . . . . Locate Traps 7 | . . . . . . 1 . 1 . 1 . . . . . . . . . . . 1 . . . . . . . . 2 . 1 Disarm Traps 3 | . 1 . . . 1 . . . . . . . . . . . . . . . . . . . . . . . . . 1 . . Recall Investigation 3 | . 1 . . . . . . . . . . . . . 1 . . . . 1 . . . . . . . . . . . . . Recall Extermination 5 | . . . . . . . . . . 1 . . . . . . . . . . . 1 . . . . 2 . . 1 . . . Recall Reinforcements 1 | . . . . . . . . . . . . . . . . . . . . . . . . . . . . . . . 1 . . Hauler Manifests 11 | . . . . . 1 1 . 1 . 2 . . . . 4 . . . . . . 2 . . . . . . . . . . . Registered Components 1 | . . . . . . . . 1 . . . . . . . . . . . . . . . . . . . . . . . . . Registered Prototypes 1 | . . . . . . . . . . . . . . . . . . . . . . 1 . . . . . . . . . . . Zone Layout 5 | . . . . . . 3 . . . . . . . . . . . . . . . . . . . . . . . 1 1 . . Security Stations 1 | . . . . . . . 1 . . . . . . . . . . . . . . . . . . . . . . . . . . Proto ID Catalog 1 | . . . 1 . . . . . . . . . . . . . . . . . . . . . . . . . . . . . . Disengage Seal 2 | . . . . . . . . . . . . . . . . . . . . . . . . . . . . . . . . . 2 Fabricator Hacks 23 | . . . . . . . . 1 . 9 . . . . 5 . . . . 1 . 5 . . . . . . . 2 . . . Network Status 3 | . . . . . . . . 1 . 2 . . . . . . . . . . . . . . . . . . . . . . . Load Schematic 12 | . . . . . . . . . . 4 . . . . 3 . . . . 1 . 3 . . . . . . . 1 . . . Build 8 | . . . . . . . . . . 3 . . . . 2 . . . . . . 2 . . . . . . . 1 . . . Repair Station Hacks 19 | . 2 . . . 2 2 . 2 . 4 . . . 2 1 . . . . 1 . . . . . . . . . . . . 3 Scan Component 13 | . 1 . . . 1 1 . 2 . 2 . . . 2 1 . . . . 1 . . . . . . . . . . . . 2 Repair 6 | . 1 . . . 1 1 . . . 2 . . . . . . . . . . . . . . . . . . . . . . 1 Recycling Unit Hacks . | . . . . . . . . . . . . . . . . . . . . . . . . . . . . . . . . . . Scanalyzer 24 | . . . . . . . . 4 . 3 . . . . 5 . . . . 4 . . . . . . 2 5 1 . . . . Insert Component 10 | . . . . . . . . . . 1 . . . . 2 . . . . 2 . . . . . . 1 3 1 . . . . Analyze 2 | . . . . . . . . . . 1 . . . . . . . . . . . . . . . . 1 . . . . . . Retrieve Study 12 | . . . . . . . . 4 . 1 . . . . 3 . . . . 2 . . . . . . . 2 . . . . . Garrison Access Hacks 15 | . . . . . 1 1 . 2 . 4 . . . . 3 . . . . 1 . . . . . . . . . 1 1 1 . Unlock Access 2 | . . . . . . 1 . 1 . . . . . . . . . . . . . . . . . . . . . . . . . Seal Access 13 | . . . . . 1 . . 1 . 4 . . . . 3 . . . . 1 . . . . . . . . . 1 1 1 . Unauthorized Hacks 14 | . 2 . . . . . . 1 . 3 . . . . 2 . . . . 1 . 2 . . . . . . . 1 2 . . Terminals 7 | . 1 . . . . . . 1 . 1 . . . . 2 . . . . . . . . . . . . . . . 2 . . Track 1 | . . . . . . . . . . . . . . . . . . . . . . . . . . . . . . . 1 . . Assimilate 5 | . . . . . . . . 1 . 1 . . . . 2 . . . . . . . . . . . . . . . 1 . . Operators 1 | . 1 . . . . . . . . . . . . . . . . . . . . . . . . . . . . . . . . Fabricators 6 | . . . . . . . . . . 2 . . . . . . . . . 1 . 2 . . . . . . . 1 . . . Prioritize 5 | . . . . . . . . . . 1 . . . . . . . . . 1 . 2 . . . . . . . 1 . . . Recompile 1 | . . . . . . . . . . 1 . . . . . . . . . . . . . . . . . . . . . . . Repair Stations . | . . . . . . . . . . . . . . . . . . . . . . . . . . . . . . . . . . Recycling Units 1 | . 1 . . . . . . . . . . . . . . . . . . . . . . . . . . . . . . . . Tunnel 1 | . 1 . . . . . . . . . . . . . . . . . . . . . . . . . . . . . . . . Scanalyzers . | . . . . . . . . . . . . . . . . . . . . . . . . . . . . . . . . . . Garrison Access . | . . . . . . . . . . . . . . . . . . . . . . . . . . . . . . . . . . Data Cores Recovered 5 | . . . . . . . . . . 2 . . . . . . . . . . . 2 . . . . . 1 . . . . . Used 2 | . . . . . . . . . . . . . . . . . . . . . . 1 . . . . . 1 . . . . . Hacking Detections 84 | . 1 . . . 5 5 1 11 1 11 . . . 1 12 . . . . 4 . 9 . . . . 5 3 1 2 3 1 8 Full Trace Events 19 | . . . . . 1 1 1 2 . 1 . . . 1 5 . . . . 2 . 3 . . . . . . . 1 . . 1 Feedback Events 2 | . . . . . . . . . . . . . . . 1 . . . . . . 1 . . . . . . . . . . . Corruption 2 | . . . . . . . . . . . . . . . 1 . . . . . . 1 . . . . . . . . . . . Feedback Blocked . | . . . . . . . . . . . . . . . . . . . . . . . . . . . . . . . . . . Robot Schematics Acquired 6 | . . . . . . . . . . . . . 6 . . . . . . . . . . . . . . . . . . . . Robots Built . | . . . . . . . . . . . . . . . . . . . . . . . . . . . . . . . . . . Authchips . | . . . . . . . . . . . . . . . . . . . . . . . . . . . . . . . . . . Time . | . . . . . . . . . . . . . . . . . . . . . . . . . . . . . . . . . . Total Robot Build Rating . | . . . . . . . . . . . . . . . . . . . . . . . . . . . . . . . . . . Part Schematics Acquired 18 | . . . . . . . . . . 2 . . 11 . . . . 3 . . . . . . . . 2 . . . . . . Parts Built 8 | . . . . . . . . . . 3 . . . . 2 . . . . . . 2 . . . . . . . 1 . . . Authchips 2 | . . . . . . . . . . 2 . . . . . . . . . . . . . . . . . . . . . . . Time 717 | . . . . . . . . . . 258 . . . . 253 . . . . . . 168 . . . . . . . 38 . . . Total Part Build Rating 45 | . . . . . . . . . . 16 . . . . 12 . . . . . . 12 . . . . . . . 5 . . . Part Studies Acquired 12 | . . . . . . . . 4 . 1 . . . . 3 . . . . 2 . . . . . . . 2 . . . . . Parts Repaired 6 | . 1 . . . 1 1 . . . 2 . . . . . . . . . . . . . . . . . . . . . . 1 Time 264 | . 26 . . . 108 44 . . . 50 . . . . . . . . . . . . . . . . . . . . . . 36 Parts Recycled . | . . . . . . . . . . . . . . . . . . . . . . . . . . . . . . . . . . Recycled Matter . | . . . . . . . . . . . . . . . . . . . . . . . . . . . . . . . . . . Retrieved Matter . | . . . . . . . . . . . . . . . . . . . . . . . . . . . . . . . . . . Retrieved Components . | . . . . . . . . . . . . . . . . . . . . . . . . . . . . . . . . . . Parts Scanalyzed 3 | . . . . . . . . . . 1 . . . . . . . . . 1 . . . . . . 1 . . . . . . Part Schematics Acquired 2 | . . . . . . . . . . 1 . . . . . . . . . . . . . . . . 1 . . . . . . Parts Damaged . | . . . . . . . . . . . . . . . . . . . . . . . . . . . . . . . . . . Bothacking | -11 -10 -10 -10 -9 -8 -8 -8 -7 -7 -6 -6 -6 -6 -5 -5 -5 -5 -5 -4 -4 -4 -4 -4 -4 -4 -3 -3 -3 -2 -2 -2 -1 -1 ------------ Run | Yrd Mat Min Exi Min Mat Sto Gar Fac Gar Fac Low Low Dat Pro Fac Upp Upp Zhi Pro Fac Was Fac Upp Upp War Pro Res Qua Res Tes Sec Acc Com Used RIF Installer . | . . . . . . . . . . . . . . . . . . . . . . . . . . . . . . . . . . Robots Hacked 4 | . . . 4 . . . . . . . . . . . . . . . . . . . . . . . . . . . . . . Non-combat 3 | . . . 3 . . . . . . . . . . . . . . . . . . . . . . . . . . . . . . Combat 1 | . . . 1 . . . . . . . . . . . . . . . . . . . . . . . . . . . . . . Robot Hacks Applied 4 | . . . 4 . . . . . . . . . . . . . . . . . . . . . . . . . . . . . . parse_system 4 | . . . 4 . . . . . . . . . . . . . . . . . . . . . . . . . . . . . . Relay Couplers Released 31 | . . . . . . . 21 . 8 . . . . . . . . . . . . . . . . . . . 2 . . . . Machine Destruction 28 | . . . . . . . 18 . 8 . . . . . . . . . . . . . . . . . . . 2 . . . . Programmers 3 | . . . . . . . 3 . . . . . . . . . . . . . . . . . . . . . . . . . . Fabnet Peak Effective % . | . . . . . . . . . . . . . . . . . . . . . . . . . . . . . . . . . . Robots Rewired 4 | . . . . . . . . . . . . . . 4 . . . . . . . . . . . . . . . . . . . Allies Hacked 4 | . . . . . . . . . . 1 . . . . . . . . . . . 3 . . . . . . . . . . . Hacks Repelled 2 | . . . . . . . . . . . . . . . . . . . . . . . . . 2 . . . . . . . . Allies | -11 -10 -10 -10 -9 -8 -8 -8 -7 -7 -6 -6 -6 -6 -5 -5 -5 -5 -5 -4 -4 -4 -4 -4 -4 -4 -3 -3 -3 -2 -2 -2 -1 -1 -------- Run | Yrd Mat Min Exi Min Mat Sto Gar Fac Gar Fac Low Low Dat Pro Fac Upp Upp Zhi Pro Fac Was Fac Upp Upp War Pro Res Qua Res Tes Sec Acc Com Total Allies 47 | . . 3 . . . 12 . 1 2 1 . . . 5 2 . . . . . 20 . . . . . . . . . 1 . . Largest Group 19 | . . 3 . . . 10 1 1 2 1 . . . 4 1 . . . . . 19 11 . . . . . . . . 1 . . Highest-Rated Group 702 | . . 40 . . . 173 16 26 190 26 . . . 142 26 . . . . . 702 450 . . . . . . . . 26 . . Highest-Rated Ally 95 | . . 16 . . . 31 16 26 95 26 . . . 41 26 . . . . . 50 47 . . . . . . . . 26 . . Initial Warlord ECA Mod 9 | . . . . . . . . 5 5 9 9 9 9 8 8 8 8 8 7 7 7 7 7 7 7 6 6 6 5 5 5 4 4 Total Orders 3 | . . . . . . . . . . . . . . . . . . . . . . . . . . . . . . . 3 . . STAY 2 | . . . . . . . . . . . . . . . . . . . . . . . . . . . . . . . 2 . . FOLLOW 1 | . . . . . . . . . . . . . . . . . . . . . . . . . . . . . . . 1 . . Ally Attacks 419 | . . 28 . . . 211 6 . 11 . . . . 31 . . . . . . 97 35 . . . . . . . . . . . Total Damage 10325 | . . 293 . . . 2674 81 . 696 . . . . 1301 . . . . . . 3857 1423 . . . . . . . . . . . Kills 63 | . . 4 . . . 24 1 . 6 . . . . 10 . . . . . . 10 8 . . . . . . . . . . . Allies Corrupted 3 | . . . . . . . . . . . . . . . . . . . . . . 3 . . . . . . . . . . . Allies Melted . | . . . . . . . . . . . . . . . . . . . . . . . . . . . . . . . . . . Intel | -11 -10 -10 -10 -9 -8 -8 -8 -7 -7 -6 -6 -6 -6 -5 -5 -5 -5 -5 -4 -4 -4 -4 -4 -4 -4 -3 -3 -3 -2 -2 -2 -1 -1 ------- Run | Yrd Mat Min Exi Min Mat Sto Gar Fac Gar Fac Low Low Dat Pro Fac Upp Upp Zhi Pro Fac Was Fac Upp Upp War Pro Res Qua Res Tes Sec Acc Com Active Infowar (turns) 22307 | 12 1418 893 1 1 2137 1935 1685 528 87 1766 261 75 157 555 1787 291 160 91 675 1011 308 924 125 56 888 559 632 441 417 441 585 347 1058 Optics 19044 | . . . . . 2137 1935 1685 272 . 1171 261 75 157 555 1787 291 160 91 675 1011 308 924 125 56 888 559 632 441 417 441 585 347 1058 Sensors 13044 | . . . . 1 . 139 26 519 87 1766 261 75 157 542 1787 291 160 91 675 874 178 924 125 56 888 559 632 441 417 441 585 347 . Seismic 2323 | 12 1418 893 . . . . . . . . . . . . . . . . . . . . . . . . . . . . . . . T.N.C. 2498 | . . . . . . . . . . . . . . . 1316 . . . . 364 308 510 . . . . . . . . . . . Cloaking 2 | . . . . . . . . . . . . . . . . . . . . . 2 . . . . . . . . . . . . ECM 3726 | . . . 1 . . . . . . 486 18 17 . . . . . . . 300 . 2 . . 372 . 37 267 170 265 504 347 940 Robot Analysis Total 4 | . . . . . . . . . . . . . . . . . . 4 . . . . . . . . . . . . . . . Derelict Logs Recovered 8 | . . 1 . . . . . . . . 1 2 . 1 . . 1 . 1 . . . 1 . . . . . . . . . . Drone Launches . | . . . . . . . . . . . . . . . . . . . . . . . . . . . . . . . . . . Drone Recoveries . | . . . . . . . . . . . . . . . . . . . . . . . . . . . . . . . . . . Exploration | -11 -10 -10 -10 -9 -8 -8 -8 -7 -7 -6 -6 -6 -6 -5 -5 -5 -5 -5 -4 -4 -4 -4 -4 -4 -4 -3 -3 -3 -2 -2 -2 -1 -1 ------------- Run | Yrd Mat Min Exi Min Mat Sto Gar Fac Gar Fac Low Low Dat Pro Fac Upp Upp Zhi Pro Fac Was Fac Upp Upp War Pro Res Qua Res Tes Sec Acc Com Turns Passed 26403 | 130 1683 1291 901 554 3888 1935 1685 534 192 1766 261 75 157 555 1787 291 160 91 675 1011 308 924 125 56 888 559 632 441 417 441 585 347 1058 Spaces Moved 32712 | 44 910 701 556 233 1506 674 456 1110 261 3004 419 315 174 1010 3450 726 563 180 580 1651 429 1997 461 265 1356 511 1435 1040 1046 1015 1461 759 2414 Core 4 | . . . . . . . . . . . . . . . . . . . . 2 2 . . . . . . . . . . . . Treads 4409 | . 289 701 556 233 1500 674 456 . . . . . . . . . . . . . . . . . . . . . . . . . . Legs 665 | 44 621 . . . . . . . . . . . . . . . . . . . . . . . . . . . . . . . . Wheels 6 | . . . . . 6 . . . . . . . . . . . . . . . . . . . . . . . . . . . . Hover . | . . . . . . . . . . . . . . . . . . . . . . . . . . . . . . . . . . Flight 27517 | . . . . . . . . 1110 261 3004 419 315 174 1010 3450 726 563 180 580 1649 427 1997 461 265 1356 511 1435 1040 1046 1015 1432 743 2348 Fastest Speed 5 | 120 120 160 160 160 155 162 240 26 26 17 23 17 24 17 24 24 11 24 11 11 26 23 23 5 20 20 6 6 18 6 7 7 7 Average Speed 47 | 120 147 160 160 160 176 216 275 26 26 25 23 23 24 26 25 24 23 24 23 24 30 23 23 21 22 20 19 19 22 20 19 19 19 Slowest Speed 480 | 120 240 160 160 240 242 242 480 26 26 98 24 24 29 29 29 24 24 24 24 200 250 29 23 23 96 20 20 21 23 23 21 20 22 Overloaded Moves 305 | . . . . . . . . . . 3 . 12 . 6 . . 3 . 38 11 . . . 28 . . 16 41 . 55 29 16 47 Propulsion Burnouts . | . . . . . . . . . . . . . . . . . . . . . . . . . . . . . . . . . . Robots Hopped 142 | . . . . . . . . 10 3 27 . . . . 14 . . . . 10 . 7 . . 1 . 7 12 1 12 17 6 15 Potential Cave-ins 7 | . . . . . . . . . . . . . . . . 4 . . . . . . . . 3 . . . . . . . . Cave-ins Triggered . | . . . . . . . . . . . . . . . . . . . . . . . . . . . . . . . . . . Teleports 2 | . . . . . . . . . . . . . . . . . . . . 1 . . . . . . . . . . 1 . . Spacefolds 41 | . . . . . . . . . . . . . . . . . . . . . . . . . . . . . . . 12 5 24 Exploration Rate (%) 63 | 4 96 98 71 40 86 93 56 31 56 59 59 68 82 87 66 86 70 61 65 44 95 47 72 49 73 57 34 84 38 76 69 13 63 Regions Visited 33 Branch Regions 20 Pre-discovered Areas 10 | . 1 1 . . . . . . . . 2 . 1 . . . . 3 1 . . . . . 1 . . . . . . . . Known Exits Taken 24 | . . . . . 1 1 . 1 . 1 1 1 1 1 1 1 1 1 1 . . 1 1 1 1 1 1 1 1 1 1 1 . Unknown Exits Taken 5 | 1 1 1 1 1 . . . . . . . . . . . . . . . . . . . . . . . . . . . . . Scrap Searched 22 | . . 1 . 2 . . . . . . 3 1 . 1 . 3 2 . 4 . . . 5 . . . . . . . . . . Spaces Dug 336 | . 2 . . . 20 8 13 11 1 40 . . 4 2 26 5 3 . 16 37 . 35 . . 7 5 36 21 8 13 6 2 15 Terrain Destroyed 899 | . 2 . . 26 73 31 49 11 75 42 . . 4 8 29 15 4 . 20 79 . 39 . . 227 46 36 22 9 13 7 2 30 Melee 324 | . 2 . . . 18 7 11 11 1 39 . . 4 2 26 5 3 . 16 36 . 33 . . 6 5 36 21 8 12 6 2 14 Projectile 69 | . . . . . 12 1 4 . . 3 . . . 6 3 10 1 . 4 4 . 6 . . 4 . . 1 1 1 1 . 7 AOE 506 | . . . . 26 43 23 34 . 74 . . . . . . . . . . 39 . . . . 217 41 . . . . . . 9 Terrain Rammed . | . . . . . . . . . . . . . . . . . . . . . . . . . . . . . . . . . . Walls Destroyed . | . . . . . . . . . . . . . . . . . . . . . . . . . . . . . . . . . . Machines Disabled . | . . . . . . . . . . . . . . . . . . . . . . . . . . . . . . . . . . Actions | -11 -10 -10 -10 -9 -8 -8 -8 -7 -7 -6 -6 -6 -6 -5 -5 -5 -5 -5 -4 -4 -4 -4 -4 -4 -4 -3 -3 -3 -2 -2 -2 -1 -1 --------- Run | Yrd Mat Min Exi Min Mat Sto Gar Fac Gar Fac Low Low Dat Pro Fac Upp Upp Zhi Pro Fac Was Fac Upp Upp War Pro Res Qua Res Tes Sec Acc Com Total 41235 | 80 1102 822 565 371 2457 1016 655 1311 355 3842 579 314 220 1230 4251 818 581 216 1090 2158 590 2357 479 264 1842 953 1713 1222 1186 1190 1687 912 2807 Wait 6381 | 15 63 81 . 103 661 154 36 145 60 730 156 . . 108 709 72 5 . 483 381 126 284 9 . 332 426 231 137 72 116 208 157 321 Move 32332 | 43 909 700 555 232 1505 673 455 1089 255 2951 418 314 173 1009 3421 725 562 179 579 1631 428 1982 460 264 1353 510 1420 1016 1043 991 1409 736 2342 Hop 135 | . . . . . . . . 10 2 25 . . . . 14 . . . . 10 . 7 . . 1 . 7 11 1 11 17 5 14 Pick Up 185 | 1 17 2 2 2 37 16 5 8 1 11 1 . 3 . 11 1 . 6 2 10 . 1 1 . 6 . 4 9 10 2 4 . 12 Fast Attach 161 | 1 4 . . . 17 12 4 1 . 5 . . 2 4 9 . 4 7 . 11 7 9 3 . 18 2 4 2 5 7 14 . 9 Attach 83 | . 1 1 1 2 5 2 10 8 1 6 . . 2 . 1 . . 1 1 9 5 1 . . 4 . . . 4 . 2 2 14 Detach 48 | . . . . . 4 2 2 3 . 3 . . 1 . 2 . . . . 8 6 2 . . 2 . 2 . 2 . 1 . 8 Swap 252 | . 8 2 2 6 35 43 16 13 3 22 3 . 1 5 14 4 2 2 4 12 . 12 . . 19 2 2 5 9 4 2 . . Drop 273 | . 13 3 1 1 39 38 1 15 . 10 1 . 4 1 17 . 4 13 1 18 2 5 3 . 21 3 3 12 15 10 8 . 11 Fire 680 | 20 77 31 . 25 126 61 100 . 2 3 . . . 60 3 10 1 . 4 7 14 7 . . 76 3 . 2 4 2 6 . 36 Melee 565 | . 4 . 4 . 26 10 17 19 11 61 . . 34 3 47 6 3 8 16 59 2 47 . . 10 7 40 28 21 20 10 12 40 Ram . | . . . . . . . . . . . . . . . . . . . . . . . . . . . . . . . . . . Kick 5 | . 5 . . . . . . . . . . . . . . . . . . . . . . . . . . . . . . . . Crush 9 | . 1 2 . . 2 3 1 . . . . . . . . . . . . . . . . . . . . . . . . . . Escape Stasis 75 | . . . . . . . 8 . 19 15 . . . . . . . . . . . . . . . . . . . 27 6 . . Rewire 42 | . . . . . . 2 . . . . . . . 40 . . . . . . . . . . . . . . . . . . . Trap 9 | . . . . . . . . . 1 . . . . . 3 . . . . 2 . . 3 . . . . . . . . . . Miscellaneous . | . . . . . . . . . . . . . . . . . . . . . . . . . . . . . . . . . . Route ------- -11/Scrapyard -10/Materials (discovered 5 exits: [*Mat x3] / [*Min x2]) -10/Mines (discovered 3 exits: [*Mat] / *Exi / [*Sub]) -10/Exiles -9/Mines -8/Materials (discovered 4 exits: *Fac x3 / *Sto) -8/Storage (discovered 3 exits: *Fac / [Rec] / Gar) -8/Garrison -7/Factory (discovered 3 exits: Low x2 / Gar) -7/Garrison -6/Factory (discovered 4 exits: *Fac x3 / *Low) -6/Lower Caves -6/Lower Caves (discovered 2 exits: Fac / *Dat) -6/Data Miner -5/Proximity Caves -5/Factory (discovered 4 exits: *Fac x2 / *Upp x2) -5/Upper Caves -5/Upper Caves -5/Zhirov -4/Proximity Caves -4/Factory -4/Waste -4/Factory (discovered 4 exits: *Res x2 / *Upp x2) -4/Upper Caves -4/Upper Caves -4/Warlord -3/Proximity Caves -3/Research (discovered 5 exits: *Res x2 / Arm / *Qua x2) -3/Quarantine -2/Research (discovered 2 exits: *Tes x2) -2/Testing (discovered 3 exits: *Acc / *Sec / *Frg) -2/Section 7 -1/Access -1/Command To Epsilon Eridani History --------- Turn | Location | Event 10 | -11/Scrapyard | Discovered new exit (range 3) 131 | -11/Scrapyard | Entered Materials 294 | -10/Materials | Discovered new exit (range 6) 314 | -10/Materials | Build established: Mutant 528 | -10/Materials | Discovered new exit (range 16) 588 | -10/Materials | Discovered new exit (range 8) 812 | -10/Materials | Discovered new exit (range 10) 970 | -10/Materials | Discovered new exit (range 3) 1387 | -10/Materials | Repaired Lgt. Treads 1814 | -10/Materials | Entered Mines 1917 | -10/Mines | Discovered new exit (range 6) 1957 | -10/Mines | Discovered new exit (range 8) 2231 | -10/Mines | Assisted by bots powering up and referring to "LRC-V3" 2279 | -10/Mines | Core integrity fell below 50% 2472 | -10/Mines | Learned 4 Materials zone layouts 2485 | -10/Mines | Build established: Scavenger-Mutant 3035 | -10/Mines | Deemed a non-threat by the Exiles lab entrance 3035 | -10/Mines | Discovered new exit (range 5) 3105 | -10/Mines | Entered Exiles 3145 | -10/Exiles | Met 8R-AWN 3173 | -10/Exiles | Met EX-HEX 3221 | -10/Exiles | Met EX-BIN 3243 | -10/Exiles | Aligned with FarCom system 3245 | -10/Exiles | Given EX-Vault access code 3283 | -10/Exiles | Opened EX-Vault 3328 | -10/Exiles | Warned to stay clear of 0b10 Research branches 3522 | -10/Exiles | Met EX-DEC 3580 | -10/Exiles | Build established: Mutant 3674 | -10/Exiles | Discovered new exit (range 10) 3850 | -10/Exiles | Found Superbattery 3858 | -10/Exiles | Found Trap Reconfigurator 4006 | -10/Exiles | Stole two prototypes: Superbattery, Trap Reconfigurator 4006 | -10/Exiles | Entered Mines 4012 | -9/Mines | Core integrity fell below 20% 4064 | -9/Mines | Found a damaged Exp. Sensor Array with a note attached 4067 | -9/Mines | Found Prototype Device 4071 | -9/Mines | Identified Exp. Sensor Array 4375 | -9/Mines | Discovered new exit (range 8) 4560 | -9/Mines | Entered Materials 4560 | -8/Materials | Evolved 4 slots: Propulsion x2, Utility x2 4561 | -8/Materials | Identified exit to Factory 5932 | -8/Materials | Build established: Scavenger-Mutant 6738 | -8/Materials | Build established: Mutant 7098 | -8/Materials | Discovered new exit (range 13) 7760 | -8/Materials | First assault squad dispatched 7868 | -8/Materials | Discovered exit to Factory (range 3) 8123 | -8/Materials | Repaired Exp. Sensor Array 8438 | -8/Materials | Identified exit to Storage 8448 | -8/Materials | Entered Storage 8450 | -8/Storage | FarCom data flow suspended 9331 | -8/Storage | Assisted by bots powering up and referring to "LRC-V3" 9509 | -8/Storage | Garrison activated, responded to threat 9569 | -8/Storage | Discovered exit to Factory (range 11) 9578 | -8/Storage | Lost 4 allies 9664 | -8/Storage | Met a pair of Derelict thieves 9871 | -8/Storage | Build established: Scavenger-Mutant 9966 | -8/Storage | Lost 3 allies 10036 | -8/Storage | Discovered new exit (range 9) 10231 | -8/Storage | Repaired Med. Treads 10348 | -8/Storage | Identified exit to Garrison 10383 | -8/Storage | Entered Garrison 10383 | -8/Garrison | Accompanied by 1 ally 10387 | -8/Garrison | Triggered checkpoint 10549 | -8/Garrison | Garrison Relay disabled 10603 | -8/Garrison | Triggered checkpoint 10893 | -8/Garrison | Triggered checkpoint 10907 | -8/Garrison | Core integrity fell below 50% 10968 | -8/Garrison | Lost 3 parts (3n) 10978 | -8/Garrison | Destroyed 8 combat bots 11461 | -8/Garrison | Garrison Relay disabled 11502 | -8/Garrison | Discovered exit to Factory (range 15) 11519 | -8/Garrison | Learned Factory security intel 11548 | -8/Garrison | Triggered checkpoint 11563 | -8/Garrison | Core integrity fell below 20% 11632 | -8/Garrison | Lost 3 parts (1n2u) 11712 | -8/Garrison | Garrison Relay disabled 11754 | -8/Garrison | Garrison Relay disabled 11811 | -8/Garrison | Triggered checkpoint 12068 | -8/Garrison | Entered Factory 12068 | -7/Factory | Evolved 2 slots: Propulsion x1, Utility x1 12279 | -7/Factory | Identified exit to Lower Caves 12575 | -7/Factory | Identified exit to Garrison 12602 | -7/Factory | Entered Garrison 12602 | -7/Garrison | Accompanied by 1 ally 12607 | -7/Garrison | Build established: Hacker-Sprinter 12614 | -7/Garrison | Garrison Relay disabled 12624 | -7/Garrison | Triggered checkpoint 12722 | -7/Garrison | Triggered checkpoint 12730 | -7/Garrison | Garrison Relay disabled 12738 | -7/Garrison | Found embedded Infiltrators 12750 | -7/Garrison | Phase Generator disabled 12791 | -7/Garrison | Discovered new exit (range 11) 12794 | -7/Garrison | Identified exit to Factory 12794 | -7/Garrison | Entered Factory 12794 | -6/Factory | Evolved 2 slots: Utility x2 12966 | -6/Factory | Repaired Imp. Flight Unit 13078 | -6/Factory | Repaired Imp. Flight Unit 13137 | -6/Factory | Spotted B-75 Beast 13154 | -6/Factory | Discovered new exit (range 15) 13283 | -6/Factory | Discovered new exit (range 7) 13284 | -6/Factory | Identified exit to Lower Caves 13676 | -6/Factory | Build established: Hacker-Ninja 13712 | -6/Factory | Discovered new exit (range 8) 13716 | -6/Factory | Identified exit to Factory 13801 | -6/Factory | Fabricated Adv. Hacking Suite (x1) 14058 | -6/Factory | Discovered exit to Factory (range 4) 14343 | -6/Factory | Fabricated Cld. Cesium-ion Thruster (x1) 14425 | -6/Factory | Fabricated Cld. Cesium-ion Thruster? 14560 | -6/Factory | Entered Lower Caves 14580 | -6/Lower Caves | Learned location of Extension (-6) 14585 | -6/Lower Caves | Met a Warlord Commander 14586 | -6/Lower Caves | Learned location of Warlord (-4) 14587 | -6/Lower Caves | Warlord Commander delivered Encrypted Comm Array 14588 | -6/Lower Caves | Found Encrypted Comm Array 14819 | -6/Lower Caves | Discovered new exit (range 10) 14821 | -6/Lower Caves | Identified exit to Lower Caves 14821 | -6/Lower Caves | Entered another Lower Caves area 14823 | -6/Lower Caves | Encountered a Master Thief 14825 | -6/Lower Caves | Encountered a Master Thief 14845 | -6/Lower Caves | Spotted B-75 Beast 14877 | -6/Lower Caves | Learned 4 Factory zone layouts 14879 | -6/Lower Caves | Attracted the attention of an 0b10 checkpoint 14888 | -6/Lower Caves | Encountered a Warlord checkpoint 14888 | -6/Lower Caves | Discovered new exit (range 15) 14891 | -6/Lower Caves | Identified exit to Data Miner 14896 | -6/Lower Caves | Entered Data Miner 14896 | -6/Data Miner | Discovered new exit (range 6) 14898 | -6/Data Miner | Identified exit to Proximity Caves 14900 | -6/Data Miner | Met Data Miner 14905 | -6/Data Miner | Learned location of Section 7 (-2) 14905 | -6/Data Miner | Acquired the access code to Warlord's prototype stash 14909 | -6/Data Miner | Received God Mode back door access code from Data Miner 14940 | -6/Data Miner | Destroyed Data Miner 14943 | -6/Data Miner | Found Prototype Hackware 14944 | -6/Data Miner | Found Prototype Hackware 14946 | -6/Data Miner | Data Conduit disabled 15053 | -6/Data Miner | Entered Proximity Caves 15054 | -5/Proximity Caves | Greeted by an Infiltrator in a former 0b10 base 15070 | -5/Proximity Caves | Former 0b10 base attacked by MAIN.C 15070 | -5/Proximity Caves | Lost 4 parts (3n1u) 15076 | -5/Proximity Caves | Watched by a mysterious "MATRIX" hacker 15453 | -5/Proximity Caves | 0b10 base defense nominally successful 15468 | -5/Proximity Caves | Build established: Hacker-Scout 15476 | -5/Proximity Caves | Destroyed 7 combat bots 15490 | -5/Proximity Caves | Spotted B-75 Beast 15510 | -5/Proximity Caves | Lost 24 allies 15537 | -5/Proximity Caves | Found Alien Artifact 15537 | -5/Proximity Caves | Identified Dimensional Node Initializer 15537 | -5/Proximity Caves | Initialized slip node 15567 | -5/Proximity Caves | Attracted the attention of an 0b10 outpost 15598 | -5/Proximity Caves | Discovered exit to Factory (range 20) 15608 | -5/Proximity Caves | Entered Factory 15608 | -5/Factory | Evolved 2 slots: Propulsion x1, Utility x1 15645 | -5/Factory | Identified Deep Network Scanner 15645 | -5/Factory | Identified Quantum Router 15707 | -5/Factory | Identified exit to Upper Caves 15941 | -5/Factory | Fabricated Cld. Nuclear Pulse Thruster (x1) 15947 | -5/Factory | Spotted B-75 Beast 16551 | -5/Factory | Discovered new exit (range 4) 16552 | -5/Factory | Identified exit to Factory 17101 | -5/Factory | Discovered exit to Factory (range 15) 17271 | -5/Factory | Fabricated Cld. Nuclear Pulse Thruster? 17395 | -5/Factory | Entered Upper Caves 17477 | -5/Upper Caves | Found DCF Scrap (13 items) 17645 | -5/Upper Caves | Build established: Machinist-Scout 17645 | -5/Upper Caves | Encountered a Warlord checkpoint 17652 | -5/Upper Caves | Discovered new exit (range 14) 17669 | -5/Upper Caves | Entered an active Warlord outpost 17675 | -5/Upper Caves | Learned Factory stockpile data 17685 | -5/Upper Caves | Identified exit to Upper Caves 17686 | -5/Upper Caves | Entered another Upper Caves area 17704 | -5/Upper Caves | Learned Factory terminal intel 17760 | -5/Upper Caves | Spotted B-75 Beast 17803 | -5/Upper Caves | Encountered a Master Thief 17809 | -5/Upper Caves | Encountered a Master Thief 17809 | -5/Upper Caves | Encountered a Master Thief 17812 | -5/Upper Caves | Encountered a Master Thief 17823 | -5/Upper Caves | Discovered new exit (range 11) 17825 | -5/Upper Caves | Identified exit to Zhirov 17846 | -5/Upper Caves | Entered Zhirov 17846 | -5/Zhirov | Discovered new exit (range 4) 17848 | -5/Zhirov | Identified exit to Proximity Caves 17852 | -5/Zhirov | Met Zhirov 17857 | -5/Zhirov | Learned location of Quarantine (-3) 17857 | -5/Zhirov | Learned location of Testing (-2) 17857 | -5/Zhirov | Learned location of Command (-1) 17859 | -5/Zhirov | Zhirov requested help retrieving the SGEMP Prototype 17863 | -5/Zhirov | Found Alien Artifact 17863 | -5/Zhirov | Identified Integrated Dissipator 17863 | -5/Zhirov | Installed Integrated Dissipator, increased core heat dissipation (+20) 17928 | -5/Zhirov | Found Alien Artifact 17937 | -5/Zhirov | Entered Proximity Caves 17944 | -4/Proximity Caves | Spotted B-86 Titan 18156 | -4/Proximity Caves | Build established: Hacker-Scout 18610 | -4/Proximity Caves | Discovered exit to Factory (range 21) 18612 | -4/Proximity Caves | Entered Factory 18612 | -4/Factory | Evolved 2 slots: Utility x2 18614 | -4/Factory | Loaded intel: 25 terminal locations 18775 | -4/Factory | Spotted B-86 Titan 19146 | -4/Factory | Found Prototype Device 19150 | -4/Factory | Identified Exp. ECM Suite 19525 | -4/Factory | Spotted B-86 Titan 19539 | -4/Factory | Discovered new exit (range 21) 19543 | -4/Factory | Identified exit to Research 19588 | -4/Factory | Identified Transdimensional Reconstructor 19588 | -4/Factory | Warped through subspace 19611 | -4/Factory | Lost 5 parts (1p3n1u) 19623 | -4/Factory | Manually triggered Chute Trap 19623 | -4/Factory | Sucked down chute 19623 | -4/Factory | Entered Waste 19623 | -4/Waste | Spotted C-40 Crusher 19624 | -4/Waste | Met a frightened Derelict 19633 | -4/Waste | Spotted C-40 Crusher 19634 | -4/Waste | Spotted C-40 Crusher 19668 | -4/Waste | Spotted C-40 Crusher 19683 | -4/Waste | Spotted C-40 Crusher 19718 | -4/Waste | Spotted C-40 Crusher 19740 | -4/Waste | Warlord forces began an assault 19802 | -4/Waste | Allies destroyed C-40 Crusher 19802 | -4/Waste | Allies destroyed C-40 Crusher 19833 | -4/Waste | Lost 6 allies 19851 | -4/Waste | Allies destroyed C-40 Crusher 19856 | -4/Waste | Discovered new exit (range 14) 19865 | -4/Waste | Allies destroyed C-40 Crusher 19880 | -4/Waste | Identified exit to Factory 19931 | -4/Waste | Entered Factory 19931 | -4/Factory | Accompanied by 11 allies 19954 | -4/Factory | Discovered exit to Research (range 8) 19971 | -4/Factory | Discovered new exit (range 16) 20086 | -4/Factory | Identified exit to Upper Caves 20115 | -4/Factory | Build established: Hacker-Ninja 20177 | -4/Factory | Spotted B-86 Titan 20438 | -4/Factory | Discovered exit to Research (range 4) 20602 | -4/Factory | Fabricated Cld. Nuclear Pulse Thruster? 20625 | -4/Factory | Fabricated Cld. Nuclear Pulse Thruster (x1) 20671 | -4/Factory | Build established: Hacker-Scout 20855 | -4/Factory | Entered Upper Caves 20857 | -4/Upper Caves | Encountered a Master Thief 20940 | -4/Upper Caves | Learned Research emergency access door positions 20978 | -4/Upper Caves | Discovered new exit (range 9) 20980 | -4/Upper Caves | Identified exit to Upper Caves 20980 | -4/Upper Caves | Entered another Upper Caves area 20981 | -4/Upper Caves | Identified exit to Warlord 20982 | -4/Upper Caves | Encountered a Master Thief 20984 | -4/Upper Caves | Spotted B-86 Titan 20988 | -4/Upper Caves | Encountered a Master Thief 21036 | -4/Upper Caves | Entered Warlord 21045 | -4/Warlord | System corruption cleaned by Quarantine Array 21072 | -4/Warlord | Opened Warlord's prototype stash 21082 | -4/Warlord | Found Prototype Hackware 21082 | -4/Warlord | Identified Ghost Barrier 21087 | -4/Warlord | Found Prototype Processor 21087 | -4/Warlord | Identified Exp. Armor Integrity Analyzer 21098 | -4/Warlord | Found Prototype Device 21098 | -4/Warlord | Identified Exp. Phase Shifter 21138 | -4/Warlord | Learned Factory recycling unit intel 21138 | -4/Warlord | Learned Armory recycling unit intel 21138 | -4/Warlord | Learned Research repair station intel 21138 | -4/Warlord | Learned 4 Armory zone layouts 21179 | -4/Warlord | Warlord's base attacked by MAIN.C 21188 | -4/Warlord | Met Warlord 21216 | -4/Warlord | Build established: Hacker-Ninja 21422 | -4/Warlord | Found Prototype Ballistic Cannon 21422 | -4/Warlord | Identified Hvy. Autocannon 21436 | -4/Warlord | Lost 4 allies 21508 | -4/Warlord | Spotted Executioner 21515 | -4/Warlord | Core integrity fell below 50% 21529 | -4/Warlord | Warlord forces counterattacked 21543 | -4/Warlord | Spotted Striker 21557 | -4/Warlord | Lost 3 allies 21615 | -4/Warlord | Spotted Executioner 21642 | -4/Warlord | Destroyed 9 combat bots 21666 | -4/Warlord | Lost 11 allies 21680 | -4/Warlord | Spotted Executioner 21681 | -4/Warlord | Spotted Executioner 21747 | -4/Warlord | Lost 9 allies 21854 | -4/Warlord | Warlord base infiltrated, sounded retreat 21856 | -4/Warlord | Spotted Executioner 21886 | -4/Warlord | Spotted Striker 21896 | -4/Warlord | Destroyed Striker 21898 | -4/Warlord | Spotted Striker 21898 | -4/Warlord | Spotted Executioner 21907 | -4/Warlord | Found Prototype Launcher 21907 | -4/Warlord | Identified Chain Missile Launcher 21916 | -4/Warlord | Discovered new exit (range 16) 21923 | -4/Warlord | Identified exit to Proximity Caves 21924 | -4/Warlord | Entered Proximity Caves 22455 | -3/Proximity Caves | Spotter reported a threat 22474 | -3/Proximity Caves | Destroyed 9 combat bots 22483 | -3/Proximity Caves | Discovered exit to Research (range 3) 22483 | -3/Proximity Caves | Entered Research 22483 | -3/Research | Evolved 2 slots: Power x1, Propulsion x1 22485 | -3/Research | Loaded intel: 3 repair station locations 22528 | -3/Research | Targeted by mysterious "MATRIX" hacker 22946 | -3/Research | Discovered new exit (range 14) 22949 | -3/Research | Identified exit to Research 22977 | -3/Research | Identified exit to Armory 22977 | -3/Research | Identified exit to Quarantine 22978 | -3/Research | Discovered exit to Research (range 17) 23115 | -3/Research | Entered Quarantine 23120 | -3/Quarantine | Found Dimensional Node Initializer 23123 | -3/Quarantine | Found Alien Artifact 23127 | -3/Quarantine | Found Alien Artifact 23153 | -3/Quarantine | Identified Core Reset Matrix 23153 | -3/Quarantine | Identified Hpw. Transdimensional Reconstructor 23251 | -3/Quarantine | Found Prototype Processor 23254 | -3/Quarantine | Identified Exp. Targeting Computer 23411 | -3/Quarantine | Build established: Wizard-Ninja 23425 | -3/Quarantine | Found Alien Artifact 23488 | -3/Quarantine | Cryocooling Duct disabled 23488 | -3/Quarantine | Cryocooling Duct disabled 23490 | -3/Quarantine | Discovered exit to Research (range 14) 23503 | -3/Quarantine | Ambient heat levels rising (+40) 23503 | -3/Quarantine | Non-combat units ordered to evacuate 23503 | -3/Quarantine | Combat units ordered to evacuate 23553 | -3/Quarantine | Found Alien Slashing Weapon 23556 | -3/Quarantine | Entered Research 23556 | -2/Research | Warlord forces began assault on 0b10 23556 | -2/Research | Evolved 2 slots: Propulsion x1, Weapon x1 23557 | -2/Research | Identified Sigix Broadsword 23581 | -2/Research | Distinguished unit "Shockpunchers" dispatched to help 23584 | -2/Research | Identified exit to Testing 23640 | -2/Research | Met up with Warlord 23643 | -2/Research | Identified Subatomic Replicator 23666 | -2/Research | Research machine network offline 23730 | -2/Research | Lost 3 allies 23973 | -2/Research | Entered Testing 23980 | -2/Testing | Found Prototype Energy Gun 23980 | -2/Testing | Identified Warp Gun 24092 | -2/Testing | Spotted Striker 24272 | -2/Testing | Discovered new exit (range 15) 24357 | -2/Testing | Fabricated Exp. Utility Shielding? 24399 | -2/Testing | Spotted Fortress 24412 | -2/Testing | Discovered new exit (range 6) 24412 | -2/Testing | Discovered new exit (range 7) 24412 | -2/Testing | Identified exit to Section 7 24413 | -2/Testing | Identified exit to Protoforge 24414 | -2/Testing | Entered Section 7 24417 | -2/Section 7 | Identified exit to Access 24581 | -2/Section 7 | Initialized slip node 24685 | -2/Section 7 | Found Alien Artifact 24685 | -2/Section 7 | Identified Spacefold Activator 24695 | -2/Section 7 | Found Alien Artifact 24695 | -2/Section 7 | Identified Integrated Reactor 24695 | -2/Section 7 | Installed Integrated Reactor, increased core energy generation (+10) 24701 | -2/Section 7 | Found Integrated Reactor 24701 | -2/Section 7 | Installed Integrated Reactor, increased core energy generation (+10) 24737 | -2/Section 7 | Found Alien Artifact 24737 | -2/Section 7 | Identified Integrity Redistributor 24737 | -2/Section 7 | Used Integrity Redistributor, redistributed integrity from core (-40) 24857 | -2/Section 7 | Spotted Alpha 7 24877 | -2/Section 7 | Spotted S7 Guard 24881 | -2/Section 7 | Spotted Executioner 24881 | -2/Section 7 | Spotted Executioner 24897 | -2/Section 7 | Spotted B-99 Colossus 24913 | -2/Section 7 | Found Integrated Reactor 24913 | -2/Section 7 | Installed Integrated Reactor, increased core energy generation (+10) 24915 | -2/Section 7 | Found Integrated Reactor 24915 | -2/Section 7 | Installed Integrated Reactor, increased core energy generation (+10) 24917 | -2/Section 7 | Found Integrated Reactor 24917 | -2/Section 7 | Installed Integrated Reactor, increased core energy generation (+10) 24928 | -2/Section 7 | Found Alien Artifact 24928 | -2/Section 7 | Identified LRC Inertial Stabilizer 24928 | -2/Section 7 | Installed LRC Inertial Stabilizer, increased mass support (+10) 24930 | -2/Section 7 | Found Alien Artifact 24930 | -2/Section 7 | Identified LRC Storage 24930 | -2/Section 7 | Installed LRC Storage, increased inventory capacity (+2) 24974 | -2/Section 7 | Found Transdimensional Reconstructor 24976 | -2/Section 7 | Found Alien Artifact 24980 | -2/Section 7 | Warped through subspace to slip node 24999 | -2/Section 7 | Entered Access 24999 | -1/Access | Evolved 2 slots: Utility x1, Weapon x1 25000 | -1/Access | Identified exit to Command 25034 | -1/Access | Allied Derelicts emerged from ambush trap array 25251 | -1/Access | Lost 7 allies 25346 | -1/Access | Entered Command 25418 | -1/Command | Disengaged cave seal 25418 | -1/Command | Welcomed Warlord to Command 25463 | -1/Command | Spotted B-99 Colossus 25508 | -1/Command | Repaired Centrium Medium Armor Plating 25544 | -1/Command | Used Subatomic Replicator to replicate Sigix Broadsword 25590 | -1/Command | Lost 3 allies 25646 | -1/Command | Build established: Wizard-Sprinter 25767 | -1/Command | Core integrity fell below 50% 25772 | -1/Command | Disengaged cave seal 25772 | -1/Command | Derelicts emerged from the dark tunnel 25892 | -1/Command | Spotted M Guard 25892 | -1/Command | Spotted M Guard 25894 | -1/Command | Spotted Combat Programmer 25894 | -1/Command | Spotted Combat Programmer 25975 | -1/Command | Spotted WG-POM(B) 26008 | -1/Command | All MAIN.C guards destroyed 26191 | -1/Command | Met MAIN.C 26194 | -1/Command | 0b10 Conduit disabled 26243 | -1/Command | Build established: Hacker-Sprinter 26270 | -1/Command | MAIN.C activated Command garrisons 26284 | -1/Command | Found Prototype Launcher 26284 | -1/Command | Identified Z-bomb Delivery System 26287 | -1/Command | Found Exp. Core Analyzer 26297 | -1/Command | Lost 5 parts (1p1n1u2w) 26310 | -1/Command | Spotted B-99 Colossus 26373 | -1/Command | Core integrity fell below 20% 26402 | -1/Command | Discovered new exit (range 8) 26403 | -1/Command | Identified exit to Surface 26404 | *** | Escaped! Last Messages --------------- 26370_ System corrupted: Energy discharge (-23). 26372_ Spacefolded through Wall. 26384_ Connecting with Terminal... >>Query(Testing) [Research] annex specifically designed for testing prototype weapons technology. 26388_ Destroyed Xenon Bombardment Thruster. 26388_ S-43 Plague destroyed. 26388_ Destroyed Lgt. Antimatter Reactor. 26388_ S-43 Plague destroyed. 26388_ Destroyed Lgt. Antimatter Reactor. 26388_ S-43 Plague destroyed. 26388_ Destroyed Lgt. Antimatter Reactor. 26388_ S-43 Plague destroyed. 26389_ System corrupted: Matter fused (-6). 26395_ The unstable cave ceiling collapses. 26398_ Spacefolded through Wall. 26402_ EXIT=FOUND 26403_ EXIT=IDENTIFIED: SURFACE [Achievement: True Cogmind] Map ----- +----------------------------------------------------+ | """ =## ## # # #]]] | | """ ## ## + # #!!! | | ## ## # + #! !* | | ! ## / # ###### # ##### | | ! ##### ############### # # # #???? | | ######???# #?############### ### ] + #? #???? | | ""#??????# #?# """" ## #?# # #? #???? | | ""#??????# #?# """" ## #?# # #?? #???? | | ""#??????# #?# """" ## #?# ?# #?? #???? | | ""#????### ### """" ## ### ?# #??? #???# | | ""#????# ## # ####??# #???###???# | | ######## "" ## + " #?#####+###???????# | | + T" + # "T #?# #???????# | | ## ## # #?# #???????# | | ### ### ######?# "" #???????# | | #?# #?# #??????# """ #####???# | | #?# #?# #??????# "T #= #???# | | ! #?# #?# #??????# """ # #???# | | ######### ################??????# "" + #???# | | ######## # #???# | | + # #???# | | ######### ############# #! #???# | | #???????# #???????????# # #???# | | #???????+ #?######???######+####+###### | | #???????# #?# #???# | | #???????# #?# @ #???# | | #???????####?# #???# | | ??????????### #???# ########## | | ???????????# #???# #????????# | | #?????????# #???# #????????# | | "#?????????# #???# #????????# | | ""??????????# #???# #????????? | | ""??????????# ##### #????????? | | "???????????# #????????? | | ## "???????????# #????????? | | ## T???????????# +????????? | | ## "???????????# k #????????? | | ?# ?????????????# ;##############??????? | | ?? ???#####????## ## #??????? | | ?? ""# ##### # #??????? | | ?# "# H # "" #??????? | | ?# # + """" #??????? | | ?# # ## # """" #??????? | | ?# # ####### "" #??????? | | ## !] # #?????# #??????? | | # ! # ##????# #??????? | | # # ###### #??????? | | # # + #??????? | | # # ###### #??????? | | # # #????# #??????? | +----------------------------------------------------+ Best States ------------- Heat Dissipation 72 Coolant Potential 120 Energy Generation 89 Energy Capacity 350 Matter Stores 500 Matter Capacity 500 Sight Range 23 Robot Scan Range 20 Terrain Scan Density 10 ECM Strength 1 Additional Mass Support 12 Armor Coverage 600 Resistance: TH 25 Utility Shielding 90 Phase Shifting 20 Evasion (%) 78 Targeting Accuracy 8 Melee Accuracy 8 Core Analysis 8 Armor Integrity Analysis 50 Recoil Reduction 6 Offensive Hacking 39 Defensive Hacking 45 Authchip Count 1 Trap Extractor Capacity 4 Item Schematics ----------------- Adv. Hacking Suite | -6/Factory | Hacked Cld. Cesium-ion Thruster | -6/Factory | Scanalyzed Combat Drone Bay | -6/Data Miner | Free Lgt. Regenerative Plating | -6/Data Miner | Free Cld. Nuclear Pulse Thruster | -6/Data Miner | Free Exp. Heat Sink | -6/Data Miner | Free Hvy. Gatling Laser | -6/Data Miner | Free Adv. VSS Leg | -6/Data Miner | Free Adv. Reaction Control System | -6/Data Miner | Free Force Lance | -6/Data Miner | Free Myomer Leg | -6/Data Miner | Free Railgun | -6/Data Miner | Free Adv. Weapon Cycler | -6/Data Miner | Free Assault Drone Bay | -5/Zhirov | Free Exp. Optical Array | -5/Zhirov | Free Imp. Arc Thrower | -5/Zhirov | Free Centrium Medium Armor Plating | -3/Research | Scanalyzed Exp. Utility Shielding | -3/Research | Hacked Robot Schematics ------------------ R-10 Processor | -6/Data Miner | Free G-50 Soldier | -6/Data Miner | Free A-15 Conveyor | -6/Data Miner | Free I-47 Archangel | -6/Data Miner | Free W-44 Eye | -6/Data Miner | Free A-27 Freighter | -6/Data Miner | Free Fabricated ------------ Adv. Hacking Suite | x1 | -6/Factory | Authchip Cld. Cesium-ion Thruster | x1 | -6/Factory | Authchip Cld. Cesium-ion Thruster | x1 | -6/Factory Cld. Nuclear Pulse Thruster | x1 | -5/Factory Cld. Nuclear Pulse Thruster | x1 | -5/Factory Cld. Nuclear Pulse Thruster | x1 | -4/Factory Cld. Nuclear Pulse Thruster | x1 | -4/Factory Exp. Utility Shielding | x1 | -2/Testing Repaired ---------- Lgt. Treads | 50% | -10/Materials Exp. Sensor Array | 62% | -8/Materials Med. Treads | 15% | -8/Storage Imp. Flight Unit | 10% | -6/Factory Imp. Flight Unit | 15% | -6/Factory Centrium Medium Armor Plating | 73% | -1/Command Studied --------- Mic. Nuclear Core | -7/Factory | Hacked Greatsword | -7/Factory | Hacked Hvy. Missile Launcher | -7/Factory | Hacked Chainsword | -7/Factory | Hacked Hvy. Pick | -6/Factory | Hacked Nuclear Pulse Array | -5/Factory | Hacked Neutrino Core | -5/Factory | Hacked Field Propulsion Drive | -5/Factory | Hacked Lgt. Angular Momentum Engine | -4/Factory | Hacked Matter Neutralizer | -4/Factory | Hacked Impulse Thruster Array | -3/Quarantine | Hacked Field Propulsion Array | -3/Quarantine | Hacked Alien Tech Used ----------------- Dimensional Node Initializer Integrated Dissipator Transdimensional Reconstructor Sigix Broadsword Spacefold Activator Integrated Reactor Integrity Redistributor LRC Inertial Stabilizer LRC Storage Subatomic Replicator Achievements -------------- Hackathon Insider Info Oppo Buddy Showdown Sniper True Cogmind Walls Are Suggestions Challenges ------------ None Game ------ Seed FireMediumMicrothruster Manual? 0 Play Time 06:43:30 Cumulative 268.7 hours Start 2026.09.12 @ 23:03:30 End 2026.09.15 @ 01:35:10 Sessions 9 Manual Loads 0 Difficulty Rogue Special Mode None Game No. 170 Rogue 170 Adventurer 0 Explorer 0 Win Type 0 Total 25 Types 12/0/4/9/0/0/0/0/0/0 Lore% 73 Gallery% 62 Achievement% 49 Wizard Run 0 Options --------- Layout 0 ASCII 0 Keyboard 1 Movement Numpad Keybinds 0 Fullscreen 1 Font 36/Proggy Map View 76x50 Zoom Use 0% Tactical HUD 1 Map Filters NONE Filters NONE Steam 1 RUN: 18350998-bd03-4839-91f7-86dc35fb8d0a